 Dungeon Crawl Stone Soup version 0.31-a0-182-gc5ef74bbde (webtiles) character file.

Game seed: 15591687741424724962

328848 qw the Peltast (level 21, -5/144 HPs)
             Began as a Gargoyle Fighter on June 20, 2023.
             Was a High Priest of Okawaru.
             Slain by a reaper
             ... wielding a +1 scythe of protection
              (6 damage)
             ... on level 1 of the Depths.
             The game lasted 00:26:39 (48598 turns).

qw the Peltast (Gargoyle Fighter)                  Turns: 48598, Time: 00:26:39

Health: -5/144     AC: 51    Str: 38      XL:     21   Next: 70%
Magic:  0/28       EV: 15    Int:  5 (8)  God:    Okawaru [*****.]
Gold:   1507       SH: 24    Dex: 14      Spells: 20/20 levels left

rFire   . . .        j - +16 obsidian axe {drain, demonic, Mesm Drain Fly SInv}
rCold   . . .        H - +0 tower shield
rNeg    + . .        u - +1 plate armour of Inviolability {rElec Dex+5}
rPois   inf          w - +2 helmet
rElec   +            h - +2 cloak
rCorr   .            z - +2 pair of gloves {infuse}
SInv    +            n - +2 pair of boots
Will    ++...        t - amulet of faith Stlth
                     g - +6 ring of strength
HPRegen 0.44/turn    l - +4 ring of slaying {mikee}
MPRegen 0.21/turn

%: faith
@: about to teleport, heroic, corroded, flying, mesmerised
A: sickness immunity, AC +16, big wings, negative energy resistance 1,
electricity resistance, torment resistance 1, petrification resistance,
iridescent scales 1, deterioration 1, strong-willed 1, wild magic 1
}: 2/15 runes: serpentine, barnacled
a: Renounce Religion, Heroism, Finesse, Duel


You were on level 1 of the Depths.
You worshipped Okawaru.
Okawaru was extremely pleased with you.
You visited 8 branches of the dungeon, and saw 36 of its levels.

You collected 3560 gold pieces.
You spent 2053 gold pieces at shops.


Innate Abilities, Weirdness & Mutations

You are immune to sickness and miasma.
Your stone body is resilient. (AC +16)
You are immune to poison.
Your large and strong wings let you fly.
You resist negative energy. (rN+)
You are resistant to electric shocks. (rElec)
You are resistant to unholy torment.
You are immune to petrification.
You are partially covered in iridescent scales. (AC +2)
Your body sometimes deteriorates upon taking damage.
You are strong-willed. (Will+)
Your spells are a little harder to cast, but a little more powerful.


   Skills:
 - Level 19.0(24.0) Fighting
 - Level 18.0(23.0) Axes
 + Level 10.0(15.0) Throwing
 - Level 18.0(23.0) Armour
 - Level 8.0(13.0) Dodging
 - Level 20.0(25.0) Shields
 - Level 10.0 Invocations


You had 20 spell levels left.
You didn't know any spells.
Your spell library was empty.

Inventory:

Hand Weapons
 j - the +16 obsidian axe (weapon) {drain, demonic, Mesm Drain Fly SInv}
   (Okawaru gifted it to you on level 5 of the Lair of Beasts)

   Mesm:      Its wielder is mesmerised by any visible foes, and it cannot be
   unequipped while any foes are visible.
   SInv:      It lets you see invisible.
   Fly:       It grants you flight.
   Drain:     It drains your maximum health when unequipped.
 C - a +0 broad axe of freezing
 G - a +1 vampiric war axe
Missiles
 q - 22 boomerangs
 J - 4 silver javelins (quivered)
 L - 4 javelins
Armour
 h - a +2 cloak (worn)
 n - a +2 pair of boots (worn)
 s - the +0 hat of Submission {rC+ Str+2}
   (Okawaru gifted it to you on level 2 of the Orcish Mines)

   Str:       It affects your strength (+2).
   rC:        It protects you from cold.
 u - the +1 plate armour of Inviolability (worn) {rElec Dex+5}
   (Okawaru gifted it to you on level 2 of the Vaults)

   Dex:       It affects your dexterity (+5).
   rElec:     It insulates you from electricity.
 w - a +2 helmet (worn)
 z - a +2 pair of gloves of infusion (worn)
 B - the +15 Maxwell's patent armour {-Cast -Tele rElec Will+ rCorr}
   (Okawaru gifted it to you on level 3 of the Vaults)

   rElec:     It insulates you from electricity.
   -Cast:     It prevents spellcasting.
   -Tele:     It prevents most forms of teleportation.
   rCorr:     It protects you from acid and corrosion.
   Will:      It increases your willpower.
 H - a +0 tower shield (worn)
Jewellery
 c - a ring of protection from fire
 f - a ring of protection from cold
 g - a +6 ring of strength (left hand)
 l - a +4 ring of slaying (right hand) {mikee}
 m - an amulet of reflection
 o - a ring of protection from fire
 t - an amulet of faith (around neck)
 x - the amulet of Heomei {Drain rPois rF+ Regen+}
   (You found it on level 3 of the Shoals)

   [amulet of regeneration]

   rF:        It protects you from fire.
   rPois:     It protects you from poison.
   Regen:     It increases your rate of health regeneration.
   Drain:     It drains your maximum health when unequipped.
 E - a ring of protection from cold
 M - the ring of the Freezing God {rPois Will- rCorr EV+5 Slay-5}
   (You took it off a merfolk siren on level 4 of the Shoals)

   [ring of evasion]

   EV:        It affects your evasion (+5).
   Slay:      It affects your accuracy & damage with ranged weapons and melee
   (-5).
   rPois:     It protects you from poison.
   rCorr:     It protects you from acid and corrosion.
   Will:      It decreases your willpower.
Scrolls
 a - 21 scrolls of identify
 y - 2 scrolls of enchant weapon
 F - 3 scrolls of teleportation
Potions
 b - 6 potions of attraction
 d - 8 potions of might
 e - 4 potions of lignification
 i - 12 potions of curing
 k - 9 potions of mutation
 p - 5 potions of cancellation
 r - 2 potions of magic
 v - 3 potions of haste
 A - 2 potions of resistance
 D - 5 potions of enlightenment

Dungeon Overview and Level Annotations

Branches:
Dungeon (15/15)            Temple (1/1) D:4            Lair (5/5) D:8
 Shoals (4/4) Lair:2        Snake (4/4) Lair:2        Slime (0/5) Lair:5
    Orc (2/2) D:12            Elf (0/3) Orc:2        Vaults (4/5) D:14
  Crypt (0/3) Vaults:2     Depths (1/4) D:15

Altars:
Ashenzari
Cheibriados
Dithmenos
Elyvilon
Fedhas
Gozag
Hepliaklqana
Kikubaaqudgha
Makhleb
Nemelex Xobeh
Okawaru
Qazlal
Ru
Sif Muna
Trog
Uskayaw
Vehumet
Wu Jian
Xom
Yredelemnul
Zin
The Shining One
Jiyva

Shops:
D:5 *   D:6 :   D:12 *   Orc:2 =?([   Snake:3 (

Annotations:
D:6 2 transporters, qw's ghost, novice GrFi
D:7 2 transporters, 1 runed translucent door, Crazy Yiuf; qw's ghost, novice GrFi
D:11 3 runed translucent doors, Tsarbomb's ghost, journeyman DsGl
Lair:5 1 runed translucent door
Shoals:1 1 runed translucent door, Woutahasch's ghost, journeyman HOFi
Shoals:2 exclusion: merfolk


Message History

You closely miss the deep troll earth mage.
The deep troll earth mage is lightly wounded.
You hit the deep troll but do no damage.
You barely miss the deep troll. You slice the deep troll!!
You drain the deep troll! You slice the deep troll!!
You kill the deep troll!
Okawaru accepts your kill.
The troll leather armour is intact enough to wear.
You slice the deep troll!! You drain the deep troll! You slice the deep troll!!
You drain the deep troll.
You completely miss the deep troll earth mage.
You carefully extract the barbed spikes from your body.
You block the red devil's attack.
You block the deep troll earth mage's attack.
The deep troll earth mage claws you but does no damage. x2
The orange crystal statue fixes its piercing gaze on you.
Something tries to feed on your intellect!
The deep troll barely misses you. The deep troll misses you.
You block the deep troll's attack. The deep troll bites you!
You block the deep troll's attack. The deep troll misses you.
The reaper closely misses you. The orange demon closely misses you.
Your base Fighting skill increases to level 19!
You slash the deep troll!
You kill the deep troll!
Okawaru accepts your kill. Okawaru grants you armour!
Something appears at your feet!
You see here the +6 crystal plate armour of the Robin {Contam +Blink Dex+2}.
The troll leather armour is intact enough to wear.
You closely miss the deep troll. You slice the deep troll earth mage!!
You drain the deep troll earth mage! You block the red devil's attack.
You block the deep troll earth mage's attack.
The deep troll earth mage claws you but does no damage.
The deep troll earth mage completely misses you.
The deep troll closely misses you. You block the deep troll's attack.
The deep troll claws you but does no damage.
The orange demon stings you but does no damage.
The reaper hits you from afar with a +1 scythe of protection.
You die...

###..........
#..^.........
............
#+##...........
#......8.......
#.......44...#
+.....T3T..#
#([4@[2##
#.<[....#
##....###
##...># ##.###
#.# #.# #.. ##


You could see a reaper, an orange crystal statue, a deep troll (mesmerising,
drained), an orange demon, a deep troll earth mage (drained), a smoke demon, a
chaos spawn and a red devil.

Vanquished Creatures
  Mara (Snake:4)
  Vashnia (Snake:4)
  the Enchantress (Depths:1)
  Jorgrun (D:13)
  A kraken (Shoals:1)
  Polyphemus (Shoals:3)
  6 sphinxes
  Kirke (Snake:1)
  A tengu reaver (Vaults:2)
  8 nagarajas
  Donald (Snake:4)
  2 frost giants
  Ilsuiw (Shoals:2)
  A fire giant (D:15)
  A deep elf sorcerer (Vaults:2)
  Aizul (Snake:4)
  Louise (D:15)
  9 vault wardens
  2 orc warlords
  14 ironbound preservers
  3 spriggan defenders (Depths:1)
  A very ugly thing (Vaults:2)
  3 stone giants
  10 ironbound thunderhulks
  2 deep elf annihilators
  13 dire elephants
  Azrael (D:15)
  3 ettins
  4 merfolk javelineers
  A quicksilver dragon zombie (Vaults:4)
  2 crystal guardians
  7 merfolk impalers
  4 great orbs of eyes
  3 yaktaur captains
  5 vault guards
  An entropy weaver (Vaults:2)
  A great orb of eyes (shapeshifter) (Vaults:4)
  An ice dragon (Depths:1)
  A deep elf high priest (Vaults:3)
  7 hydras
  2 hell beasts (Depths:1)
  2 peacekeepers
  A salamander tyrant (Snake:4)
  4 merfolk avatars
  2 spriggan air magi (Depths:1)
  11 anacondas
  5 ogre magi
  3 catoblepae
  6 centaur warriors
  14 ironbound frosthearts
  7 boulder beetles
  A satyr (Shoals:4)
  A tengu warrior (D:15)
  10 merfolk aquamancers
  28 two-headed ogres
  8 death yaks
  A deep troll shaman (Depths:1)
  An alligator snapping turtle (Shoals:1)
  A deep troll earth mage (Depths:1)
  Urug (Orc:2)
  17 naga warriors
  A spriggan berserker (Depths:1)
  11 naga sharpshooters
  A soul eater (Depths:1)
  Nergalle (D:11)
  5 shock serpents
  A sun demon (Depths:1)
  An iron troll (Depths:1)
  6 skeletal warriors
  2 salamander mystics
  5 skysharks
  A storm dragon skeleton (Vaults:4)
  24 deep trolls
  8 orc knights
  15 sea snakes
  A wizard (Vaults:2)
  3 naga ritualists
  A shadow dragon zombie (Vaults:4)
  6 lindwurms
  A phantasmal warrior (Vaults:2)
  2 deep elf archers (Vaults:3)
  20 ironbound convokers
  A lindwurm (shapeshifter) (Vaults:4)
  Pikel (D:7)
  11 mana vipers
  16 harpies
  13 manticores
  4 deep elf pyromancers
  7 salamanders
  14 cyclopes
  4 necromancers
  24 ugly things
  2 orc sorcerers (Orc:2)
  A moth of wrath (shapeshifter) (Vaults:4)
  10 fauns
  Maurice (D:12)
  5 centaur zombies (D:14)
  17 vault sentinels
  6 guardian serpents
  17 merfolk sirens
  19 naga magi
  A rust devil (Depths:1)
  36 black mambas
  11 elephants (Lair:5)
  21 cane toads
  5 water nymphs
  A gargoyle (D:13)
  2 torpor snails (Lair:5)
  3 orange demons (D:12)
  Maggie (Lair:2)
  12 komodo dragons
  An unseen horror (D:10)
  6 rime drakes
  A freezing wraith (Vaults:2)
  19 yaktaurs
  A tengu conjurer (Depths:1)
  2 red devils (D:12)
  A harpy zombie (D:14)
  9 polar bears (Lair:5)
  27 merfolk
  16 trolls
  A hornet (shapeshifter) (Vaults:4)
  5 raiju (Lair:5)
  Prince Ribbit (D:7)
  A hornet (Depths:1)
  13 blink frogs
  7 wind drakes
  Grinder (D:6)
  9 dream sheep
  A meliai zombie (D:14)
  33 slime creatures
  6 snapping turtles
  2 shadows
  A spriggan (Depths:1)
  A culicivora (shapeshifter) (D:14)
  3 vampires
  42 yaks
  23 water elementals
  4 wyverns
  Sigmund (D:6)
  7 wraiths
  3 fire elementals (D:15)
  2 hogs (Snake:1)
  4 humans (Snake:1)
  2 chaos spawn (Depths:1)
  5 basilisks
  7 vampire mosquitoes (D:14)
  A redback (shapeshifter) (Vaults:4)
  3 steam dragons
  A swamp worm (shapeshifter) (Vaults:4)
  48 nagas
  An acid dragon (D:12)
  7 wargs
  17 hell hounds
  13 water moccasins
  2 ice beasts
  14 black bears
  16 orc warriors
  A sky beast (D:5)
  27 ogres
  5 boggarts (Vaults:1)
  31 wolves
  A lemure (D:7)
  10 centaurs
  3 phantoms
  3 kobold brigands
  3 scorpions (D:6)
  10 bullfrogs
  A gnoll sergeant (D:7)
  6 killer bees (D:8)
  3 howler monkeys
  6 electric eels
  3 hounds
  A jelly (D:6)
  A bullfrog skeleton (D:4)
  A gnoll bouda (D:9)
  18 orc priests
  Ijyb (D:3)
  5 iguanas
  7 orc wizards
  Natasha (D:4)
  7 hell rats (Lair:4)
  Terence (D:1)
  A hound skeleton (D:4)
  A mummy (D:5)
  12 gnolls
  8 adders
  A shadow imp (D:6)
  A white imp (D:5)
  2 adder skeletons (D:4)
  2 adder zombies (D:4)
  2 worms (D:2)
  4 dart slugs
  64 orcs
  4 ball pythons
  4 endoplasms
  4 giant cockroaches
  5 goblins
  4 hobgoblins
  3 jackals (D:1)
  19 kobolds
  5 quokkas
  4 bats
  4 frilled lizards (D:2)
  A hobgoblin zombie (D:5)
  A kobold zombie (D:5)
  2 orc zombies (D:5)
  5 rats
  2 tentacles (Shoals:1)
1348 creatures vanquished.

Vanquished Creatures (others)
  A deep elf zephyrmancer (Vaults:3)
  4 tentacles (Shoals:1)
5 creatures vanquished.

Grand Total: 1353 creatures vanquished

Notes
Turn   | Place    | Note
-------+----------+-------------------------------------------
     0 | D:1      | qw the Gargoyle Fighter began the quest for the Orb.
     0 | D:1      | Reached XP level 1. HP: 14/14 MP: 1/1
     0 | D:1      | 0 ||| qw: Version: 0.3-a-9-g12657ce
     0 | D:1      | 0 ||| qw: Game counter: 1467
     0 | D:1      | 0 ||| qw: Always use a shield: true
     0 | D:1      | 0 ||| qw: God list: Okawaru
     0 | D:1      | 0 ||| qw: Allow faded altars: false
     0 | D:1      | 0 ||| qw: Do Orc after D:15 true
     0 | D:1      | 0 ||| qw: Do second Lair branch before Depths: true
     0 | D:1      | 0 ||| qw: Lair rune preference: random
     0 | D:1      | 0 ||| qw: Plans: Normal, Zot:1-4, Slime:5, God:TSO, Crypt,
                  | Tomb, Abyss, Pan, Hells, Win
     0 | D:1      | 0 ||| PLANNING D:1-11
    57 | D:1      | Reached XP level 2. HP: 7/19 MP: 2/2
    57 | D:1      | 57 ||| FLEEEEING.
    58 | D:1      | 58 ||| FLEEEEING.
    59 | D:1      | 59 ||| FLEEEEING.
    60 | D:1      | 60 ||| FLEEEEING.
    61 | D:1      | 61 ||| FLEEEEING.
    62 | D:1      | 62 ||| FLEEEEING.
    63 | D:1      | 63 ||| FLEEEEING.
    64 | D:1      | 64 ||| FLEEEEING.
    65 | D:1      | 65 ||| FLEEEEING.
    66 | D:1      | 66 ||| FLEEEEING.
    67 | D:1      | 67 ||| FLEEEEING.
    68 | D:1      | 68 ||| FLEEEEING.
    69 | D:1      | 69 ||| FLEEEEING.
    70 | D:1      | 70 ||| FLEEEEING.
    71 | D:1      | 71 ||| FLEEEEING.
    72 | D:1      | 72 ||| FLEEEEING.
    73 | D:1      | 73 ||| FLEEEEING.
    74 | D:1      | 74 ||| FLEEEEING.
    75 | D:1      | 75 ||| FLEEEEING.
    76 | D:1      | 76 ||| FLEEEEING.
    77 | D:1      | 77 ||| FLEEEEING.
    78 | D:1      | 78 ||| FLEEEEING.
    79 | D:1      | 79 ||| FLEEEEING.
    80 | D:1      | 80 ||| FLEEEEING.
    81 | D:1      | 81 ||| FLEEEEING.
   121 | D:1      | Found a faded altar of an unknown god.
   336 | D:1      | Reached skill level 3 in Axes
   338 | D:1      | 338 ||| Stepping ~*~*~tactically~*~*~ (stealth).
   340 | D:1      | 340 ||| Stepping ~*~*~tactically~*~*~ (stealth).
   349 | D:1      | Reached XP level 3. HP: 21/23 MP: 3/3
   493 | D:1      | 493 ||| Stepping ~*~*~tactically~*~*~ (stealth).
   501 | D:1      | 501 ||| Stepping ~*~*~tactically~*~*~ (stealth).
   507 | D:1      | 507 ||| Stepping ~*~*~tactically~*~*~ (stealth).
   588 | D:1      | 588 ||| UPGRADING to +2 pair of boots.
   593 | D:1      | 593 ||| UPGRADING to amulet of reflection.
   598 | D:1      | 598 ||| READING 3 scrolls labelled NOINOT LAZIO.
   599 | D:1      | 599 ||| READING scroll labelled ULEZOPNAEX.
   600 | D:1      | 600 ||| READING scroll labelled JUIMMUJ UMOY.
   603 | D:1      | 603 ||| READING scroll labelled WINWEODUME.
   604 | D:1      | 604 ||| READING scroll labelled YTEHIUCS DEXEU.
   605 | D:1      | 605 ||| READING scroll labelled GUGUTOUTHRO.
   706 | D:1      | 706 ||| READING 3 scrolls labelled ELODID GE ZUJ.
   707 | D:1      | 707 ||| READING 2 scrolls of identify.
   707 | D:1      | 707 ||| IDENTIFYING clear potion
   708 | D:1      | 708 ||| DROPPING potion of invisibility.
   709 | D:1      | 709 ||| DROPPING 2 scrolls of immolation.
   712 | D:2      | Noticed Terence
   718 | D:2      | 718 ||| STAIRDANCE
   729 | D:1      | Killed Terence
   765 | D:1      | 765 ||| DROPPING +0 club.
   766 | D:1      | 766 ||| UPGRADING to +0 chain mail of fire resistance.
   776 | D:1      | 776 ||| DROPPING +0 scale mail.
   783 | D:2      | Reached XP level 4. HP: 28/28 MP: 4/4
   797 | D:2      | 797 ||| Stepping ~*~*~tactically~*~*~ (stealth).
   816 | D:2      | 816 ||| Stepping ~*~*~tactically~*~*~ (hiding).
   817 | D:2      | 817 ||| Stepping ~*~*~tactically~*~*~ (stealth).
   859 | D:2      | 859 ||| Stepping ~*~*~tactically~*~*~ (stealth).
   886 | D:2      | 886 ||| Stepping ~*~*~tactically~*~*~ (stealth).
   890 | D:2      | 890 ||| Stepping ~*~*~tactically~*~*~ (stealth).
   895 | D:2      | 895 ||| Stepping ~*~*~tactically~*~*~ (stealth).
   896 | D:2      | 896 ||| Stepping ~*~*~tactically~*~*~ (stealth).
   897 | D:2      | 897 ||| Stepping ~*~*~tactically~*~*~ (stealth).
  1410 | D:2      | 1410 ||| READING scroll labelled PUKHLA KOESM.
  1411 | D:2      | 1411 ||| DRINKING 3 puce potions.
  1411 | D:2      | Gained mutation: You have a pair of small horns on your
                  | head. [potion of mutation]
  1411 | D:2      | Gained mutation: You are vulnerable to cold. (rC-) [potion
                  | of mutation]
  1412 | D:2      | 1412 ||| DRINKING 2 potions of mutation.
  1412 | D:2      | Lost mutation: You have a pair of small horns on your head.
                  | [potion of mutation]
  1412 | D:2      | Lost mutation: You are vulnerable to cold. (rC-) [potion of
                  | mutation]
  1412 | D:2      | Gained mutation: You are partially covered in iridescent
                  | scales. (AC +2) [potion of mutation]
  1412 | D:2      | Gained mutation: Your body sometimes deteriorates upon
                  | taking damage. [potion of mutation]
  1412 | D:2      | Gained mutation: You are strong-willed. (Will+) [potion of
                  | mutation]
  1412 | D:2      | Gained mutation: Your spells are a little harder to cast,
                  | but a little more powerful. [potion of mutation]
  1492 | D:3      | 1492 ||| Stepping ~*~*~tactically~*~*~ (stealth).
  1647 | D:3      | Reached XP level 5. HP: 32/32 MP: 5/5
  1735 | D:3      | 1735 ||| Stepping ~*~*~tactically~*~*~ (hiding).
  1743 | D:3      | Noticed Ijyb
  1748 | D:3      | Paralysed by Ijyb for 2 turns
  1773 | D:3      | Killed Ijyb
  1970 | D:3      | 1970 ||| Stepping ~*~*~tactically~*~*~ (stealth).
  2124 | D:3      | 2124 ||| DROPPING +1 pair of boots.
  2125 | D:3      | 2125 ||| UPGRADING to ring of protection from fire.
  2126 | D:3      | 2126 ||| READING scroll labelled SOCUFAP POFUOM.
  2127 | D:3      | 2127 ||| READING scroll labelled RIEMEE ISHU.
  2128 | D:3      | 2128 ||| DRINKING 2 pink potions.
  2129 | D:3      | 2129 ||| DRINKING 2 glowing yellow potions.
  2130 | D:3      | 2130 ||| DRINKING 2 coppery potions.
  2131 | D:3      | 2131 ||| READING 2 scrolls of identify.
  2131 | D:3      | 2131 ||| IDENTIFYING fizzy puce potion
  2152 | D:4      | Found a staircase to the Ecumenical Temple.
  2153 | D:4      | 2153 ||| PLANNING TEMPLE
  2154 | D:4      | 2154 ||| Stepping ~*~*~tactically~*~*~ (hiding).
  2155 | D:4      | 2155 ||| Stepping ~*~*~tactically~*~*~ (hiding).
  2156 | D:4      | 2156 ||| Stepping ~*~*~tactically~*~*~ (hiding).
  2158 | D:4      | 2158 ||| Stepping ~*~*~tactically~*~*~ (hiding).
  2159 | D:4      | 2159 ||| Stepping ~*~*~tactically~*~*~ (hiding).
  2206 | Temple   | Entered the Ecumenical Temple
  2231 | Temple   | 2231 ||| PLANNING OKAWARU WORSHIP
  2564 | Temple   | Became a worshipper of Warmaster Okawaru
  2565 | Temple   | 2565 ||| PLANNING D:1-11
  3056 | D:4      | 3056 ||| Stepping ~*~*~tactically~*~*~ (hiding).
  3069 | D:4      | Reached XP level 6. HP: 23/38 MP: 6/6
  3305 | D:4      | Noticed Natasha
  3306 | D:4      | 3306 ||| Stepping ~*~*~tactically~*~*~ (hiding).
  3314 | D:4      | Killed Natasha
  3316 | D:4      | Reached * piety under Okawaru
  3321 | D:4      | 3321 ||| INVOKING Heroism.
  3327 | D:4      | Reached skill level 6 in Axes
  3394 | D:4      | Identified the +1 dagger of Ugostun {pain, rN+}
  3424 | D:4      | Found a snail-covered altar of Cheibriados.
  3477 | D:4      | 3477 ||| UPGRADING to ring of protection from fire.
  3528 | D:5      | Entered Level 5 of the Dungeon
  3577 | D:5      | Noticed a sky beast
  3591 | D:5      | Killed a sky beast
  3592 | D:5      | Reached skill level 1 in Dodging
  3592 | D:5      | Reached XP level 7. HP: 41/43 MP: 7/7
  3632 | D:5      | Found Votsasch's General Store.
  3641 | D:5      | 3641 ||| BUYING scroll of teleportation (36 gold).
  3641 | D:5      | Bought a scroll of teleportation for 36 gold pieces
  3707 | D:5      | Reached skill level 1 in Invocations
  3809 | D:5      | 3809 ||| INVOKING Heroism.
  4028 | D:5      | 4028 ||| Stepping ~*~*~tactically~*~*~ (hiding).
  4031 | D:5      | 4031 ||| Stepping ~*~*~tactically~*~*~ (hiding).
  4048 | D:5      | 4048 ||| INVOKING Heroism.
  4267 | D:5      | 4267 ||| INVOKING Heroism.
  4273 | D:5      | Reached skill level 3 in Invocations
  4273 | D:5      | Reached XP level 8. HP: 48/48 MP: 7/10
  4430 | D:5      | 4430 ||| DROPPING +2 ring mail of fire resistance.
  4461 | D:6      | Noticed a yak
  4461 | D:6      | Noticed a yak
  4466 | D:6      | Found a radiant altar of Vehumet.
  4466 | D:6      | Noticed Grinder
  4467 | D:6      | 4467 ||| INVOKING Heroism.
  4473 | D:6      | Noticed a yak
  4477 | D:6      | Killed Grinder
  4483 | D:6      | Killed a yak
  4490 | D:6      | Killed a yak
  4491 | D:6      | 4491 ||| FLEEEEING.
  4492 | D:6      | 4492 ||| FLEEEEING.
  4493 | D:6      | 4493 ||| FLEEEEING.
  4494 | D:6      | 4494 ||| FLEEEEING.
  4497 | D:6      | 4497 ||| STAIRDANCE
  4530 | D:6      | 4530 ||| STAIRDANCE
  4537 | D:5      | Killed a yak
  4537 | D:5      | Reached ** piety under Okawaru
  4590 | D:6      | Found a white marble altar of Elyvilon.
  4623 | D:6      | 4623 ||| INVOKING Heroism.
  4672 | D:6      | Reached XP level 9. HP: 54/54 MP: 12/12
  4699 | D:6      | Found Ebal Hubly's Book Boutique.
  4819 | D:6      | Noticed Sigmund
  4820 | D:6      | 4820 ||| Stepping ~*~*~tactically~*~*~ (hiding).
  4824 | D:6      | 4824 ||| INVOKING Heroism.
  4827 | D:6      | Killed Sigmund
  4828 | D:6      | Reached skill level 6 in Fighting
  4909 | D:6      | Found a transporter.
  4920 | D:6      | Found a transporter.
  4944 | D:6      | Noticed qw's ghost (novice GrFi)
  4950 | D:6      | 4950 ||| INVOKING Heroism.
  4975 | D:6      | 4975 ||| INVOKING Heroism.
  4999 | D:6      | 4999 ||| INVOKING Heroism.
  5001 | D:6      | Reached skill level 9 in Axes
  5026 | D:6      | 5026 ||| INVOKING Heroism.
  5196 | D:6      | 5196 ||| UPGRADING to +0 kite shield.
  5206 | D:6      | 5206 ||| DROPPING +0 buckler.
  5207 | D:6      | 5207 ||| UPGRADING to amulet of faith.
  5217 | D:6      | 5217 ||| READING scroll labelled WUMUUSO SAUDD.
  5218 | D:6      | 5218 ||| READING 4 scrolls of identify.
  5218 | D:6      | 5218 ||| IDENTIFYING bubbling cyan potion
  5219 | D:6      | 5219 ||| READING 3 scrolls of identify.
  5219 | D:6      | 5219 ||| IDENTIFYING smoky sapphire potion
  5220 | D:6      | 5220 ||| DROPPING potion of degeneration.
  5221 | D:6      | 5221 ||| DROPPING potion of brilliance.
  5264 | D:7      | Reached skill level 4 in Shields
  5301 | D:7      | Noticed Pikel
  5301 | D:7      | 5301 ||| Stepping ~*~*~tactically~*~*~ (stealth).
  5314 | D:7      | 5314 ||| INVOKING Heroism.
  5327 | D:7      | Killed Pikel
  5328 | D:7      | Reached skill level 6 in Shields
  5356 | D:7      | Noticed qw's ghost (novice GrFi)
  5364 | D:7      | Reached *** piety under Okawaru
  5411 | D:7      | Found a transporter.
  5425 | D:7      | Found a transporter.
  5429 | D:7      | Noticed a moth of wrath
  5430 | D:7      | Found a bloodstained altar of Trog.
  5583 | D:7      | 5583 ||| INVOKING Heroism.
  5760 | D:7      | Noticed Prince Ribbit
  5761 | D:7      | 5761 ||| INVOKING Heroism.
  5786 | D:7      | 5786 ||| INVOKING Heroism.
  5789 | D:7      | Killed Prince Ribbit
  5790 | D:7      | Reached skill level 7 in Shields
  5790 | D:7      | Reached XP level 10. HP: 61/61 MP: 10/13
  5898 | D:7      | Found a runed translucent door.
  5899 | D:7      | Noticed Crazy Yiuf
  6060 | D:7      | Found a burning altar of Makhleb.
  6063 | D:7      | 6063 ||| Stepping ~*~*~tactically~*~*~ (stealth).
  6065 | D:7      | Found a glowing golden altar of the Shining One.
  6084 | D:7      | Found a sparkling altar of Nemelex Xobeh.
  6085 | D:7      | Found a stormy altar of Qazlal.
  6085 | D:7      | Found a glowing silver altar of Zin.
  6085 | D:7      | Found a shimmering altar of Xom.
  6086 | D:7      | Found a basalt altar of Yredelemnul.
  6087 | D:7      | Found a blossoming altar of Fedhas.
  6307 | D:7      | 6307 ||| UPGRADING to +0 cloak.
  6312 | D:7      | 6312 ||| READING scroll labelled LOASETUDOH.
  6395 | D:8      | 6395 ||| INVOKING Heroism.
  6417 | D:8      | Found a shadowy altar of Dithmenos.
  6434 | D:8      | 6434 ||| INVOKING Heroism.
  6461 | D:8      | 6461 ||| INVOKING Heroism.
  6538 | D:8      | Reached skill level 8 in Shields
  6753 | D:8      | 6753 ||| Stepping ~*~*~tactically~*~*~ (hiding).
  6755 | D:8      | 6755 ||| Stepping ~*~*~tactically~*~*~ (hiding).
  6757 | D:8      | 6757 ||| Stepping ~*~*~tactically~*~*~ (hiding).
  6760 | D:8      | 6760 ||| INVOKING Heroism.
  6910 | D:8      | Noticed a two-headed ogre
  6911 | D:8      | 6911 ||| INVOKING Heroism.
  6921 | D:8      | Killed a two-headed ogre
  6922 | D:8      | Reached skill level 9 in Shields
  7121 | D:8      | Found a staircase to the Lair.
  7130 | D:8      | 7130 ||| INVOKING Heroism.
  7141 | D:8      | 7141 ||| Stepping ~*~*~tactically~*~*~ (hiding).
  7772 | D:8      | 7772 ||| PLANNING LAIR
  7772 | D:8      | 7772 ||| UPGRADING to +0 plate armour.
  7782 | D:8      | 7782 ||| UPGRADING to +0 pair of gloves.
  7787 | D:8      | 7787 ||| READING scroll labelled AJAICIRUME.
  7937 | Lair:1   | Entered Level 1 of the Lair of Beasts
  7937 | Lair:1   | Noticed a cane toad
  7938 | Lair:1   | 7938 ||| INVOKING Heroism.
  7946 | Lair:1   | Noticed a cane toad
  7948 | Lair:1   | Killed a cane toad
  7949 | Lair:1   | Reached skill level 6 in Armour
  7949 | Lair:1   | 7949 ||| STAIRDANCE
  7953 | D:8      | HP: 14/63 [yak (12)]
  7954 | D:8      | 7954 ||| READING 2 scrolls of teleportation.
  7955 | D:8      | 7955 ||| DRINKING potion of heal wounds.
  7956 | D:8      | 7956 ||| INVOKING Heroism.
  8210 | Lair:1   | 8210 ||| INVOKING Heroism.
  8219 | Lair:1   | Killed a cane toad
  8220 | Lair:1   | Reached XP level 11. HP: 36/67 MP: 12/14
  8220 | Lair:1   | Reached **** piety under Okawaru
  8234 | Lair:1   | 8234 ||| STAIRDANCE
  8311 | D:8      | 8311 ||| Stepping ~*~*~tactically~*~*~ (stealth).
  8408 | Lair:1   | 8408 ||| Stepping ~*~*~tactically~*~*~ (stealth).
  8409 | Lair:1   | 8409 ||| INVOKING Heroism.
  8442 | Lair:1   | 8442 ||| INVOKING Heroism.
  8497 | Lair:1   | 8497 ||| INVOKING Heroism.
  8535 | Lair:1   | 8535 ||| INVOKING Heroism.
  8536 | Lair:1   | Noticed a boulder beetle
  8547 | Lair:1   | HP: 11/68 [komodo dragon (22)]
  8548 | Lair:1   | 8548 ||| READING scroll of teleportation.
  8798 | Lair:1   | Found a sparkling altar of Nemelex Xobeh.
  8822 | Lair:1   | 8822 ||| INVOKING Heroism.
  8909 | Lair:1   | 8909 ||| INVOKING Heroism.
  8977 | Lair:1   | Noticed a seven-headed hydra
  8978 | Lair:1   | 8978 ||| INVOKING Heroism.
  8981 | Lair:1   | 8981 ||| SWAPPING to +1 flail of draining.
  8987 | Lair:1   | Killed a seven-headed hydra
  8988 | Lair:1   | 8988 ||| SWAPPING to +1 war axe.
  9006 | Lair:1   | 9006 ||| INVOKING Heroism.
  9035 | Lair:1   | 9035 ||| INVOKING Heroism.
  9040 | Lair:1   | Received a gift from Okawaru
  9240 | Lair:1   | Reached skill level 6 in Invocations
  9311 | Lair:1   | 9311 ||| INVOKING Heroism.
  9331 | Lair:1   | 9331 ||| INVOKING Heroism.
  9358 | Lair:1   | Killed a boulder beetle
  9775 | Lair:1   | 9775 ||| INVOKING Heroism.
  9865 | Lair:1   | 9865 ||| UPGRADING to +4 ring of slaying {mikee}.
  9895 | Lair:2   | Found a staircase to the Snake Pit.
  9897 | Lair:2   | 9897 ||| Stepping ~*~*~tactically~*~*~ (hiding).
  9898 | Lair:2   | 9898 ||| Stepping ~*~*~tactically~*~*~ (hiding).
  9936 | Lair:2   | 9936 ||| Stepping ~*~*~tactically~*~*~ (stealth).
  9967 | Lair:2   | Reached XP level 12. HP: 61/73 MP: 17/17
  9997 | Lair:2   | 9997 ||| Stepping ~*~*~tactically~*~*~ (stealth).
 10009 | Lair:2   | Found a staircase to the Shoals.
 10026 | Lair:2   | 10026 ||| Stepping ~*~*~tactically~*~*~ (hiding).
 10171 | Lair:2   | 10171 ||| Stepping ~*~*~tactically~*~*~ (hiding).
 10177 | Lair:2   | Reached skill level 10 in Shields
 10321 | Lair:2   | 10321 ||| INVOKING Heroism.
 10392 | Lair:2   | 10392 ||| Stepping ~*~*~tactically~*~*~ (water).
 10401 | Lair:2   | 10401 ||| INVOKING Heroism.
 10622 | Lair:2   | Reached ***** piety under Okawaru
 10626 | Lair:2   | 10626 ||| INVOKING Heroism.
 10736 | Lair:2   | Noticed a five-headed hydra
 10737 | Lair:2   | 10737 ||| INVOKING Heroism.
 10742 | Lair:2   | 10742 ||| SWAPPING to +1 flail of draining.
 10747 | Lair:2   | Killed a five-headed hydra
 10747 | Lair:2   | Received a gift from Okawaru
 10748 | Lair:2   | 10748 ||| SWAPPING to +1 war axe.
 10799 | Lair:2   | 10799 ||| INVOKING Heroism.
 10826 | Lair:2   | Reached skill level 9 in Fighting
 10847 | Lair:2   | 10847 ||| INVOKING Heroism.
 11001 | Lair:2   | Reached skill level 9 in Invocations
 11124 | Lair:2   | Noticed Maggie
 11143 | Lair:2   | Killed Maggie
 11238 | Lair:2   | Identified the +1 ring mail of the Catamount {Rampage rC+
                  | Dex+6 Stlth-}
 11364 | Lair:2   | Identified the +6 war axe of Blood-Lust {venom, rPois}
 11366 | Lair:2   | 11366 ||| SWAPPING to +6 war axe of Blood-Lust {venom,
                  | rPois}.
 11751 | Lair:3   | 11751 ||| Stepping ~*~*~tactically~*~*~ (stealth).
 11752 | Lair:3   | 11752 ||| Stepping ~*~*~tactically~*~*~ (stealth).
 11753 | Lair:3   | 11753 ||| Stepping ~*~*~tactically~*~*~ (stealth).
 11798 | Lair:3   | 11798 ||| INVOKING Heroism.
 11799 | Lair:3   | 11799 ||| Stepping ~*~*~tactically~*~*~ (stealth).
 11842 | Lair:3   | 11842 ||| Stepping ~*~*~tactically~*~*~ (stealth).
 11954 | Lair:3   | Found a shimmering altar of Xom.
 12328 | Lair:3   | Reached skill level 12 in Axes
 12493 | Lair:3   | Received a gift from Okawaru
 12671 | Lair:3   | 12671 ||| UPGRADING to +0 helmet.
 12676 | Lair:3   | 12676 ||| UPGRADING to +1 pair of gloves of infusion.
 12686 | Lair:3   | 12686 ||| DROPPING +0 pair of gloves.
 12741 | Lair:4   | 12741 ||| INVOKING Heroism.
 12866 | Lair:4   | 12866 ||| Stepping ~*~*~tactically~*~*~ (stealth).
 12940 | Lair:4   | Reached skill level 9 in Armour
 12999 | Lair:4   | Found the +27 heavy crossbow "Sniper" {heavy, Acc+∞ SInv}
 13013 | Lair:4   | 13013 ||| INVOKING Heroism.
 13100 | Lair:4   | Reached XP level 13. HP: 80/80 MP: 17/20
 13289 | Lair:4   | 13289 ||| INVOKING Heroism.
 13291 | Lair:4   | 13291 ||| INVOKING Finesse.
 13292 | Lair:4   | 13292 ||| SWAPPING to +2 morningstar of pain.
 13297 | Lair:4   | 13297 ||| SWAPPING to +6 war axe of Blood-Lust {venom,
                  | rPois}.
 13426 | Lair:4   | 13426 ||| INVOKING Heroism.
 13596 | Lair:4   | 13596 ||| INVOKING Heroism.
 13897 | Lair:4   | 13897 ||| READING scroll labelled OHETURPHOSCH.
 13898 | Lair:4   | 13898 ||| READING 3 scrolls of identify.
 13898 | Lair:4   | 13898 ||| IDENTIFYING lumpy grey potion
 13914 | Lair:5   | Entered Level 5 of the Lair of Beasts
 13922 | Lair:5   | 13922 ||| INVOKING Heroism.
 13928 | Lair:5   | 13928 ||| SWAPPING to +2 morningstar of pain.
 13935 | Lair:5   | 13935 ||| SWAPPING to +6 war axe of Blood-Lust {venom,
                  | rPois}.
 14049 | Lair:5   | 14049 ||| INVOKING Heroism.
 14125 | Lair:5   | 14125 ||| INVOKING Heroism.
 14137 | Lair:5   | 14137 ||| Stepping ~*~*~tactically~*~*~ (stealth).
 14140 | Lair:5   | 14140 ||| Stepping ~*~*~tactically~*~*~ (stealth).
 14141 | Lair:5   | 14141 ||| Stepping ~*~*~tactically~*~*~ (stealth).
 14142 | Lair:5   | 14142 ||| Stepping ~*~*~tactically~*~*~ (stealth).
 14190 | Lair:5   | 14190 ||| INVOKING Heroism.
 14316 | Lair:5   | 14316 ||| Stepping ~*~*~tactically~*~*~ (stealth).
 14317 | Lair:5   | 14317 ||| Stepping ~*~*~tactically~*~*~ (stealth).
 14320 | Lair:5   | 14320 ||| Stepping ~*~*~tactically~*~*~ (stealth).
 14454 | Lair:5   | 14454 ||| Stepping ~*~*~tactically~*~*~ (stealth).
 14455 | Lair:5   | 14455 ||| Stepping ~*~*~tactically~*~*~ (stealth).
 14458 | Lair:5   | 14458 ||| Stepping ~*~*~tactically~*~*~ (stealth).
 14459 | Lair:5   | 14459 ||| Stepping ~*~*~tactically~*~*~ (stealth).
 14468 | Lair:5   | 14468 ||| FLEEEEING.
 14470 | Lair:5   | 14470 ||| FLEEEEING.
 14471 | Lair:5   | 14471 ||| FLEEEEING.
 14472 | Lair:5   | 14472 ||| FLEEEEING.
 14473 | Lair:5   | 14473 ||| FLEEEEING.
 14474 | Lair:5   | 14474 ||| FLEEEEING.
 14475 | Lair:5   | 14475 ||| FLEEEEING.
 14476 | Lair:5   | 14476 ||| FLEEEEING.
 14477 | Lair:5   | 14477 ||| FLEEEEING.
 14478 | Lair:5   | 14478 ||| FLEEEEING.
 14479 | Lair:5   | 14479 ||| FLEEEEING.
 14480 | Lair:5   | 14480 ||| FLEEEEING.
 14481 | Lair:5   | 14481 ||| FLEEEEING.
 14482 | Lair:5   | 14482 ||| FLEEEEING.
 14483 | Lair:5   | 14483 ||| FLEEEEING.
 14485 | Lair:5   | 14485 ||| FLEEEEING.
 14486 | Lair:5   | 14486 ||| FLEEEEING.
 14487 | Lair:5   | 14487 ||| FLEEEEING.
 14488 | Lair:5   | 14488 ||| FLEEEEING.
 14489 | Lair:5   | 14489 ||| FLEEEEING.
 14490 | Lair:5   | 14490 ||| FLEEEEING.
 14491 | Lair:5   | 14491 ||| FLEEEEING.
 14492 | Lair:5   | 14492 ||| FLEEEEING.
 14493 | Lair:5   | 14493 ||| FLEEEEING.
 14494 | Lair:5   | 14494 ||| FLEEEEING.
 14495 | Lair:5   | 14495 ||| FLEEEEING.
 14496 | Lair:5   | 14496 ||| FLEEEEING.
 14497 | Lair:5   | 14497 ||| FLEEEEING.
 14503 | Lair:5   | 14503 ||| INVOKING Heroism.
 14508 | Lair:5   | Identified the +1 chain mail of Bitterness {Rampage}
                  | (Okawaru gifted it to you on level 5 of the Lair of Beasts)
 14508 | Lair:5   | Received a gift from Okawaru
 14680 | Lair:5   | 14680 ||| INVOKING Heroism.
 14681 | Lair:5   | 14681 ||| INVOKING Finesse.
 14696 | Lair:5   | Reached skill level 11 in Shields
 14826 | Lair:5   | 14826 ||| INVOKING Heroism.
 15073 | Lair:5   | 15073 ||| FLEEEEING.
 15074 | Lair:5   | 15074 ||| FLEEEEING.
 15075 | Lair:5   | 15075 ||| FLEEEEING.
 15076 | Lair:5   | 15076 ||| FLEEEEING.
 15077 | Lair:5   | 15077 ||| FLEEEEING.
 15078 | Lair:5   | 15078 ||| FLEEEEING.
 15079 | Lair:5   | 15079 ||| FLEEEEING.
 15080 | Lair:5   | 15080 ||| FLEEEEING.
 15081 | Lair:5   | 15081 ||| FLEEEEING.
 15082 | Lair:5   | 15082 ||| FLEEEEING.
 15083 | Lair:5   | 15083 ||| FLEEEEING.
 15086 | Lair:5   | 15086 ||| FLEEEEING.
 15087 | Lair:5   | 15087 ||| FLEEEEING.
 15088 | Lair:5   | 15088 ||| FLEEEEING.
 15089 | Lair:5   | 15089 ||| FLEEEEING.
 15090 | Lair:5   | 15090 ||| FLEEEEING.
 15091 | Lair:5   | 15091 ||| FLEEEEING.
 15092 | Lair:5   | 15092 ||| INVOKING Heroism.
 15096 | Lair:5   | 15096 ||| SWAPPING to +2 morningstar of pain.
 15106 | Lair:5   | 15106 ||| SWAPPING to +6 war axe of Blood-Lust {venom,
                  | rPois}.
 15225 | Lair:5   | 15225 ||| Stepping ~*~*~tactically~*~*~ (stealth).
 15232 | Lair:5   | 15232 ||| INVOKING Heroism.
 15244 | Lair:5   | 15244 ||| Stepping ~*~*~tactically~*~*~ (stealth).
 15274 | Lair:5   | 15274 ||| Stepping ~*~*~tactically~*~*~ (stealth).
 15276 | Lair:5   | 15276 ||| Stepping ~*~*~tactically~*~*~ (hiding).
 15290 | Lair:5   | 15290 ||| INVOKING Heroism.
 15306 | Lair:5   | 15306 ||| Stepping ~*~*~tactically~*~*~ (stealth).
 15308 | Lair:5   | 15308 ||| Stepping ~*~*~tactically~*~*~ (hiding).
 15309 | Lair:5   | 15309 ||| Stepping ~*~*~tactically~*~*~ (hiding).
 15434 | Lair:5   | 15434 ||| INVOKING Heroism.
 15462 | Lair:5   | Gained mutation: Your large and strong wings let you fly.
                  | [Gargoyle growth]
 15462 | Lair:5   | Reached XP level 14. HP: 88/88 MP: 1/21
 15490 | Lair:5   | 15490 ||| Stepping ~*~*~tactically~*~*~ (stealth).
 15629 | Lair:5   | 15629 ||| INVOKING Heroism.
 15637 | Lair:5   | 15637 ||| Stepping ~*~*~tactically~*~*~ (stealth).
 15712 | Lair:5   | Identified the +1 ring mail of Circular Logic {Str+4}
 15719 | Lair:5   | 15719 ||| Stepping ~*~*~tactically~*~*~ (hiding).
 15722 | Lair:5   | 15722 ||| INVOKING Heroism.
 15857 | Lair:5   | 15857 ||| Stepping ~*~*~tactically~*~*~ (hiding).
 15903 | Lair:5   | 15903 ||| Stepping ~*~*~tactically~*~*~ (hiding).
 15930 | Lair:5   | 15930 ||| Stepping ~*~*~tactically~*~*~ (stealth).
 15954 | Lair:5   | 15954 ||| Stepping ~*~*~tactically~*~*~ (stealth).
 16020 | Lair:5   | 16020 ||| Stepping ~*~*~tactically~*~*~ (stealth).
 16022 | Lair:5   | 16022 ||| Stepping ~*~*~tactically~*~*~ (stealth).
 16024 | Lair:5   | 16024 ||| Stepping ~*~*~tactically~*~*~ (hiding).
 16038 | Lair:5   | 16038 ||| Stepping ~*~*~tactically~*~*~ (stealth).
 16207 | Lair:5   | 16207 ||| INVOKING Heroism.
 16275 | Lair:5   | Found a runed translucent door.
 16276 | Lair:5   | Found a viscous altar of Jiyva.
 16277 | Lair:5   | Found a staircase to the Slime Pits.
 16297 | Lair:5   | 16297 ||| Stepping ~*~*~tactically~*~*~ (stealth).
 16299 | Lair:5   | 16299 ||| Stepping ~*~*~tactically~*~*~ (stealth).
 16462 | Lair:5   | 16462 ||| INVOKING Heroism.
 16463 | Lair:5   | 16463 ||| INVOKING Finesse.
 16474 | Lair:5   | Reached skill level 12 in Shields
 16571 | Lair:5   | 16571 ||| Stepping ~*~*~tactically~*~*~ (stealth).
 16572 | Lair:5   | 16572 ||| INVOKING Heroism.
 16573 | Lair:5   | 16573 ||| INVOKING Finesse.
 16576 | Lair:5   | 16576 ||| SWAPPING to +2 morningstar of pain.
 16585 | Lair:5   | 16585 ||| SWAPPING to +6 war axe of Blood-Lust {venom,
                  | rPois}.
 16702 | Lair:5   | 16702 ||| Stepping ~*~*~tactically~*~*~ (stealth).
 16703 | Lair:5   | 16703 ||| Stepping ~*~*~tactically~*~*~ (stealth).
 16816 | Lair:5   | 16816 ||| INVOKING Heroism.
 16817 | Lair:5   | 16817 ||| INVOKING Finesse.
 16830 | Lair:5   | 16830 ||| SWAPPING to +2 morningstar of pain.
 16835 | Lair:5   | 16835 ||| SWAPPING to +6 war axe of Blood-Lust {venom,
                  | rPois}.
 16940 | Lair:5   | 16940 ||| Stepping ~*~*~tactically~*~*~ (stealth).
 17057 | Lair:5   | 17057 ||| DROPPING +1 war axe.
 17074 | Lair:5   | 17074 ||| Stepping ~*~*~tactically~*~*~ (hiding).
 17076 | Lair:5   | 17076 ||| INVOKING Heroism.
 17086 | Lair:5   | 17086 ||| INVOKING Finesse.
 17093 | Lair:5   | Received a gift from Okawaru
 17093 | Lair:5   | Found the +16 obsidian axe {drain, demonic, Mesm Drain Fly
                  | SInv}
 17229 | Lair:5   | 17229 ||| SWAPPING to +16 obsidian axe {drain, demonic,
                  | Mesm Drain Fly SInv}.
 17315 | Lair:5   | 17315 ||| Stepping ~*~*~tactically~*~*~ (stealth).
 17479 | Lair:5   | 17479 ||| PLANNING D:1-11
 17479 | Lair:5   | 17479 ||| DROPPING +1 chain mail of Bitterness {Rampage}.
 17480 | Lair:5   | 17480 ||| READING scroll labelled DOXTEV DUACWA.
 17481 | Lair:5   | 17481 ||| READING 7 scrolls of identify.
 17481 | Lair:5   | 17481 ||| IDENTIFYING dark potion
 17701 | D:9      | Reached skill level 15 in Axes
 17716 | D:9      | 17716 ||| Stepping ~*~*~tactically~*~*~ (stealth).
 17717 | D:9      | 17717 ||| Stepping ~*~*~tactically~*~*~ (stealth).
 17732 | D:9      | 17732 ||| Stepping ~*~*~tactically~*~*~ (stealth).
 17739 | D:9      | 17739 ||| Stepping ~*~*~tactically~*~*~ (hiding).
 17756 | D:9      | 17756 ||| Stepping ~*~*~tactically~*~*~ (stealth).
 17801 | D:9      | 17801 ||| FLEEEEING.
 17802 | D:9      | 17802 ||| FLEEEEING.
 17803 | D:9      | 17803 ||| FLEEEEING.
 17831 | D:9      | 17831 ||| DROPPING +0 flail.
 17832 | D:9      | 17832 ||| DROPPING +1 flail of draining.
 17945 | D:9      | 17945 ||| READING scroll of enchant armour.
 17945 | D:9      | 17945 ||| ENCHANTING +1 pair of gloves of infusion.
 18276 | D:9      | 18276 ||| Stepping ~*~*~tactically~*~*~ (stealth).
 18279 | D:9      | 18279 ||| Stepping ~*~*~tactically~*~*~ (stealth).
 18396 | D:9      | 18396 ||| READING scroll labelled KALUUN CIOC.
 18397 | D:9      | 18397 ||| READING 7 scrolls of identify.
 18397 | D:9      | 18397 ||| IDENTIFYING glowing dark potion
 18408 | D:10     | Entered Level 10 of the Dungeon
 18613 | D:10     | 18613 ||| Stepping ~*~*~tactically~*~*~ (hiding).
 18618 | D:10     | Found a broken altar of Ashenzari.
 18731 | D:10     | 18731 ||| Stepping ~*~*~tactically~*~*~ (hiding).
 18783 | D:10     | 18783 ||| DROPPING +2 mace of protection.
 19154 | D:10     | 19154 ||| Stepping ~*~*~tactically~*~*~ (hiding).
 19431 | D:10     | 19431 ||| DROPPING amulet of guardian spirit.
 19467 | D:11     | 19467 ||| PLANNING GAUNTLET
 19490 | D:11     | Noticed Nergalle
 19499 | D:11     | Killed Nergalle
 19500 | D:11     | Reached skill level 12 in Fighting
 19601 | D:11     | 19601 ||| INVOKING Heroism.
 19680 | D:11     | 19680 ||| Stepping ~*~*~tactically~*~*~ (stealth).
 19698 | D:11     | 19698 ||| Stepping ~*~*~tactically~*~*~ (stealth).
 19854 | D:11     | Found a runed translucent gate.
 19855 | D:11     | Noticed Tsarbomb's ghost (journeyman DsGl)
 19855 | D:11     | Found a runed translucent gate.
 19856 | D:11     | Found a runed translucent gate.
 19874 | D:11     | 19874 ||| RIP GAUNTLET
 19897 | D:11     | 19897 ||| PLANNING D:1-11
 19897 | D:11     | 19897 ||| READING scroll of enchant armour.
 19897 | D:11     | 19897 ||| ENCHANTING +0 helmet.
 20308 | D:11     | 20308 ||| PLANNING D
 20343 | D:11     | 20343 ||| PLANNING D:1-11
 20376 | D:11     | 20376 ||| PLANNING D
 20427 | D:11     | 20427 ||| PLANNING D:1-11
 20478 | D:11     | 20478 ||| PLANNING D
 20551 | D:11     | 20551 ||| PLANNING D:1-11
 20626 | D:11     | 20626 ||| PLANNING D
 20686 | D:11     | 20686 ||| PLANNING D:1-11
 20748 | D:11     | 20748 ||| PLANNING D
 20967 | D:12     | Reached XP level 15. HP: 96/96 MP: 9/22
 21044 | D:12     | 21044 ||| Stepping ~*~*~tactically~*~*~ (stealth).
 21181 | D:12     | 21181 ||| Stepping ~*~*~tactically~*~*~ (stealth).
 21192 | D:12     | 21192 ||| Stepping ~*~*~tactically~*~*~ (stealth).
 21195 | D:12     | Received a gift from Okawaru
 21300 | D:12     | 21300 ||| INVOKING Heroism.
 21312 | D:12     | Received a gift from Okawaru
 21376 | D:12     | 21376 ||| DROPPING +1 war axe of draining.
 21564 | D:12     | Noticed Maurice
 21565 | D:12     | 21565 ||| Stepping ~*~*~tactically~*~*~ (hiding).
 21570 | D:12     | Killed Maurice
 21629 | D:12     | Found a staircase to the Orcish Mines.
 21649 | D:12     | Found Qodeutole's Assorted Antiques.
 21657 | D:12     | 21657 ||| SHOPLISTING ice dragon scales (1800 gold, have
                  | 1179).
 21657 | D:12     | 21657 ||| BUYING runed flail (195 gold).
 21657 | D:12     | Bought a runed flail for 195 gold pieces
 21657 | D:12     | 21657 ||| DROPPING +1 antimagic flail.
 22025 | D:12     | 22025 ||| READING 11 scrolls of identify.
 22025 | D:12     | 22025 ||| IDENTIFYING smoky green potion
 22026 | D:12     | 22026 ||| READING 10 scrolls of identify.
 22026 | D:12     | 22026 ||| IDENTIFYING viscous golden potion
 22027 | D:12     | 22027 ||| DROPPING potion of ambrosia.
 22028 | D:12     | 22028 ||| DROPPING potion of berserk rage.
 22145 | D:13     | 22145 ||| Stepping ~*~*~tactically~*~*~ (hiding).
 22153 | D:13     | 22153 ||| FLEEEEING.
 22154 | D:13     | 22154 ||| Stepping ~*~*~tactically~*~*~ (hiding).
 22161 | D:13     | 22161 ||| FLEEEEING.
 22162 | D:13     | 22162 ||| FLEEEEING.
 22163 | D:13     | 22163 ||| FLEEEEING.
 22178 | D:13     | 22178 ||| FLEEEEING.
 22182 | D:13     | 22182 ||| STAIRDANCE
 22212 | D:13     | 22212 ||| Stepping ~*~*~tactically~*~*~ (hiding).
 22443 | D:13     | Noticed Jorgrun
 22444 | D:13     | 22444 ||| INVOKING Heroism.
 22445 | D:13     | 22445 ||| INVOKING Finesse.
 22453 | D:13     | Killed Jorgrun
 22454 | D:13     | Reached skill level 12 in Armour
 22599 | D:13     | 22599 ||| Stepping ~*~*~tactically~*~*~ (hiding).
 22600 | D:13     | 22600 ||| Stepping ~*~*~tactically~*~*~ (hiding).
 22601 | D:13     | 22601 ||| Stepping ~*~*~tactically~*~*~ (hiding).
 22747 | D:13     | 22747 ||| Stepping ~*~*~tactically~*~*~ (hiding).
 22978 | D:13     | 22978 ||| Stepping ~*~*~tactically~*~*~ (hiding).
 23091 | D:13     | 23091 ||| DROPPING ring of fire.
 23123 | D:14     | Reached skill level 3 in Dodging
 23166 | D:14     | 23166 ||| Stepping ~*~*~tactically~*~*~ (stealth).
 23176 | D:14     | 23176 ||| INVOKING Heroism.
 23197 | D:14     | Reached skill level 13 in Shields
 23370 | D:14     | 23370 ||| Stepping ~*~*~tactically~*~*~ (stealth).
 23379 | D:14     | Received a gift from Okawaru
 23534 | D:14     | 23534 ||| READING scroll of enchant armour.
 23534 | D:14     | 23534 ||| ENCHANTING +1 helmet.
 23548 | D:14     | 23548 ||| READING scroll of enchant armour.
 23548 | D:14     | 23548 ||| ENCHANTING +0 cloak.
 23564 | D:14     | 23564 ||| Stepping ~*~*~tactically~*~*~ (stealth).
 23566 | D:14     | 23566 ||| Stepping ~*~*~tactically~*~*~ (stealth).
 23581 | D:14     | 23581 ||| INVOKING Heroism.
 23773 | D:14     | Reached ****** piety under Okawaru
 23786 | D:14     | 23786 ||| DROPPING +6 war axe of Blood-Lust {venom, rPois}.
 23852 | D:14     | Identified the +0 buckler "Abroilub" {rC+}
 23859 | D:14     | Identified the +3 robe "Gessuim" {Str+6} (Okawaru gifted it
                  | to you on level 14 of the Dungeon)
 23859 | D:14     | Received a gift from Okawaru
 23876 | D:14     | Found a gate to the Vaults.
 23884 | D:14     | 23884 ||| INVOKING Heroism.
 24038 | D:14     | 24038 ||| Stepping ~*~*~tactically~*~*~ (stealth).
 24073 | D:14     | 24073 ||| FLEEEEING.
 24074 | D:14     | 24074 ||| FLEEEEING.
 24080 | D:14     | 24080 ||| STAIRDANCE
 24135 | D:14     | Reached XP level 16. HP: 94/101 MP: 17/23
 24382 | D:15     | Entered Level 15 of the Dungeon
 24473 | D:15     | 24473 ||| Stepping ~*~*~tactically~*~*~ (stealth).
 24480 | D:15     | 24480 ||| Stepping ~*~*~tactically~*~*~ (stealth).
 24514 | D:15     | 24514 ||| INVOKING Heroism.
 24622 | D:15     | 24622 ||| INVOKING Heroism.
 24703 | D:15     | 24703 ||| Stepping ~*~*~tactically~*~*~ (hiding).
 24719 | D:15     | 24719 ||| Stepping ~*~*~tactically~*~*~ (stealth).
 24734 | D:15     | Noticed Azrael
 24736 | D:15     | 24736 ||| INVOKING Heroism.
 24737 | D:15     | 24737 ||| INVOKING Finesse.
 24746 | D:15     | Killed Azrael
 24749 | D:15     | Found a staircase to the Depths.
 24752 | D:15     | HP: 17/104 [fire giant/fireball (20)]
 24753 | D:15     | 24753 ||| READING 2 scrolls of teleportation.
 24754 | D:15     | 24754 ||| DRINKING 3 potions of heal wounds.
 24760 | D:15     | Found a blossoming altar of Fedhas.
 24761 | D:15     | 24761 ||| FLEEEEING.
 24938 | D:15     | 24938 ||| Stepping ~*~*~tactically~*~*~ (stealth).
 24977 | D:15     | 24977 ||| Stepping ~*~*~tactically~*~*~ (hiding).
 25047 | D:15     | 25047 ||| DROPPING +1 war axe.
 25058 | D:15     | 25058 ||| INVOKING Heroism.
 25249 | D:15     | 25249 ||| Stepping ~*~*~tactically~*~*~ (hiding).
 25254 | D:15     | 25254 ||| INVOKING Heroism.
 25258 | D:15     | 25258 ||| Stepping ~*~*~tactically~*~*~ (stealth).
 25275 | D:15     | Received a gift from Okawaru
 25473 | D:15     | 25473 ||| Stepping ~*~*~tactically~*~*~ (hiding).
 25476 | D:15     | 25476 ||| Stepping ~*~*~tactically~*~*~ (hiding).
 25693 | D:15     | 25693 ||| Stepping ~*~*~tactically~*~*~ (hiding).
 25746 | D:15     | Noticed Louise
 25747 | D:15     | 25747 ||| INVOKING Heroism.
 25751 | D:15     | 25751 ||| INVOKING Finesse.
 25761 | D:15     | Killed Louise
 25810 | D:15     | 25810 ||| DROPPING +2 morningstar of pain.
 25811 | D:15     | 25811 ||| DROPPING +1 heavy flail.
 25812 | D:15     | 25812 ||| DROPPING +2 mace of holy wrath.
 25874 | D:15     | 25874 ||| PLANNING ORC
 25874 | D:15     | 25874 ||| UPGRADING to +0 tower shield.
 25884 | D:15     | 25884 ||| DROPPING +0 kite shield.
 25959 | Orc:1    | Entered Level 1 of the Orcish Mines
 25973 | Orc:1    | 25973 ||| INVOKING Heroism.
 26211 | Orc:1    | 26211 ||| INVOKING Heroism.
 26487 | Orc:1    | 26487 ||| INVOKING Heroism.
 26498 | Orc:1    | 26498 ||| Stepping ~*~*~tactically~*~*~ (stealth).
 26502 | Orc:1    | 26502 ||| Stepping ~*~*~tactically~*~*~ (stealth).
 26503 | Orc:1    | 26503 ||| Stepping ~*~*~tactically~*~*~ (stealth).
 26513 | Orc:1    | 26513 ||| Stepping ~*~*~tactically~*~*~ (stealth).
 26528 | Orc:1    | 26528 ||| Stepping ~*~*~tactically~*~*~ (stealth).
 26529 | Orc:1    | 26529 ||| Stepping ~*~*~tactically~*~*~ (stealth).
 26530 | Orc:1    | 26530 ||| Stepping ~*~*~tactically~*~*~ (stealth).
 26542 | Orc:1    | 26542 ||| Stepping ~*~*~tactically~*~*~ (stealth).
 26718 | Orc:2    | Entered Level 2 of the Orcish Mines
 26718 | Orc:2    | Found a staircase to the Elven Halls.
 26719 | Orc:2    | 26719 ||| INVOKING Heroism.
 26720 | Orc:2    | 26720 ||| INVOKING Finesse.
 26730 | Orc:2    | 26730 ||| Stepping ~*~*~tactically~*~*~ (hiding).
 26731 | Orc:2    | 26731 ||| Stepping ~*~*~tactically~*~*~ (hiding).
 26760 | Orc:2    | 26760 ||| Stepping ~*~*~tactically~*~*~ (stealth).
 26830 | Orc:2    | 26830 ||| Stepping ~*~*~tactically~*~*~ (stealth).
 26831 | Orc:2    | 26831 ||| Stepping ~*~*~tactically~*~*~ (stealth).
 26832 | Orc:2    | 26832 ||| Stepping ~*~*~tactically~*~*~ (stealth).
 26833 | Orc:2    | 26833 ||| INVOKING Heroism.
 26958 | Orc:2    | Found Leod's Jewellery Emporium.
 26959 | Orc:2    | 26959 ||| INVOKING Heroism.
 26968 | Orc:2    | Reached skill level 14 in Shields
 26970 | Orc:2    | Paralysed by an ogre mage for 4 turns
 26978 | Orc:2    | Identified the +0 hat of Submission {rC+ Str+2} (Okawaru
                  | gifted it to you on level 2 of the Orcish Mines)
 26978 | Orc:2    | Received a gift from Okawaru
 26978 | Orc:2    | HP: 18/104 [two-headed ogre/+0 giant club (9)]
 26978 | Orc:2    | HP: 7/104 [ogre mage/+0 spear (11)]
 26979 | Orc:2    | 26979 ||| READING scroll of teleportation.
 26979 | Orc:2    | HP: 3/104 [deep troll (4)]
 26980 | Orc:2    | 26980 ||| DRINKING 2 potions of heal wounds.
 26982 | Orc:2    | 26982 ||| DRINKING potion of heal wounds.
 26984 | Orc:2    | HP: 20/104 [barbs]
 26987 | Orc:2    | Reached skill level 15 in Shields
 27005 | Orc:2    | 27005 ||| FLEEEEING.
 27006 | Orc:2    | 27006 ||| FLEEEEING.
 27007 | Orc:2    | 27007 ||| INVOKING Heroism.
 27012 | Orc:2    | 27012 ||| FLEEEEING.
 27013 | Orc:2    | 27013 ||| FLEEEEING.
 27014 | Orc:2    | 27014 ||| FLEEEEING.
 27016 | Orc:2    | 27016 ||| FLEEEEING.
 27018 | Orc:2    | 27018 ||| STAIRDANCE
 27229 | Orc:2    | 27229 ||| Stepping ~*~*~tactically~*~*~ (hiding).
 27234 | Orc:2    | 27234 ||| Stepping ~*~*~tactically~*~*~ (hiding).
 27281 | Orc:2    | Found Qoasaf's Magic Scroll Shoppe.
 27284 | Orc:2    | Found Huebuste's Antique Armour Boutique.
 27290 | Orc:2    | 27290 ||| BUYING scroll of teleportation (42 gold).
 27290 | Orc:2    | Bought a scroll of teleportation for 42 gold pieces
 27290 | Orc:2    | 27290 ||| BUYING scroll of teleportation (42 gold).
 27290 | Orc:2    | Bought a scroll of teleportation for 42 gold pieces
 27293 | Orc:2    | Found Oruqemug's Antique Weapon Emporium.
 27295 | Orc:2    | 27295 ||| BUYING shiny plate armour (884 gold).
 27295 | Orc:2    | Bought a shiny plate armour for 884 gold pieces
 27311 | Orc:2    | Noticed Urug
 27317 | Orc:2    | 27317 ||| INVOKING Heroism.
 27318 | Orc:2    | 27318 ||| INVOKING Finesse.
 27321 | Orc:2    | Killed Urug
 27465 | Orc:2    | 27465 ||| DROPPING +0 broad axe.
 27475 | Orc:2    | 27475 ||| BUYING +6 ring of strength (504 gold).
 27475 | Orc:2    | Bought a +6 ring of strength for 504 gold pieces
 27475 | Orc:2    | 27475 ||| SHOPLISTING +6 ring of strength (504 gold, have
                  | 502).
 27475 | Orc:2    | 27475 ||| SHOPLISTING amulet "Estrouc" {+Blink rPois Regen+
                  | Int+2 SInv} (792 gold, have 502).
 27475 | Orc:2    | 27475 ||| SHOPLISTING amulet "Qogusirph" {Acrobat -Tele rN+
                  | Regen+ MP+9} (743 gold, have 502).
 27475 | Orc:2    | 27475 ||| SHOPLISTING ring "Visui" {Fire Str+3 Dex+2} (595
                  | gold, have 502).
 27475 | Orc:2    | 27475 ||| BUYING ring of ice (350 gold).
 27475 | Orc:2    | Bought a ring of ice for 350 gold pieces
 27475 | Orc:2    | 27475 ||| SHOPLISTING ring of protection from cold (350
                  | gold, have 152).
 27579 | Orc:2    | 27579 ||| Stepping ~*~*~tactically~*~*~ (stealth).
 27581 | Orc:2    | 27581 ||| Stepping ~*~*~tactically~*~*~ (stealth).
 27589 | Orc:2    | 27589 ||| Stepping ~*~*~tactically~*~*~ (stealth).
 27704 | Orc:2    | 27704 ||| PLANNING SNAKE:1-3
 27704 | Orc:2    | 27704 ||| UPGRADING to +2 plate armour of poison
                  | resistance.
 27714 | Orc:2    | 27714 ||| DROPPING +0 plate armour.
 27715 | Orc:2    | 27715 ||| UPGRADING to +6 ring of strength.
 27717 | Orc:2    | 27717 ||| DROPPING ring of willpower.
 28200 | Snake:1  | Entered Level 1 of the Snake Pit
 28242 | Snake:1  | 28242 ||| Stepping ~*~*~tactically~*~*~ (hiding).
 28251 | Snake:1  | Reached XP level 17. HP: 76/108 MP: 14/24
 28252 | Snake:1  | Reached skill level 3 in Throwing
 28252 | Snake:1  | 28252 ||| Stepping ~*~*~tactically~*~*~ (hiding).
 28258 | Snake:1  | 28258 ||| INVOKING Heroism.
 28282 | Snake:1  | 28282 ||| Stepping ~*~*~tactically~*~*~ (stealth).
 28413 | Snake:1  | Noticed Kirke
 28420 | Snake:1  | Killed Kirke
 28428 | Snake:1  | 28428 ||| INVOKING Heroism.
 28570 | Snake:1  | 28570 ||| Stepping ~*~*~tactically~*~*~ (stealth).
 28572 | Snake:1  | 28572 ||| Stepping ~*~*~tactically~*~*~ (stealth).
 28579 | Snake:1  | 28579 ||| Stepping ~*~*~tactically~*~*~ (stealth).
 28593 | Snake:1  | 28593 ||| Stepping ~*~*~tactically~*~*~ (stealth).
 28692 | Snake:1  | Received a gift from Okawaru
 28693 | Snake:1  | Reached skill level 16 in Shields
 29055 | Snake:1  | 29055 ||| DROPPING ring of wizardry.
 29084 | Snake:2  | 29084 ||| Stepping ~*~*~tactically~*~*~ (stealth).
 29086 | Snake:2  | 29086 ||| Stepping ~*~*~tactically~*~*~ (stealth).
 29106 | Snake:2  | 29106 ||| Stepping ~*~*~tactically~*~*~ (hiding).
 29131 | Snake:2  | 29131 ||| INVOKING Heroism.
 29145 | Snake:2  | Received a gift from Okawaru
 29250 | Snake:2  | 29250 ||| INVOKING Heroism.
 29295 | Snake:2  | 29295 ||| Stepping ~*~*~tactically~*~*~ (stealth).
 29296 | Snake:2  | 29296 ||| Stepping ~*~*~tactically~*~*~ (stealth).
 29305 | Snake:2  | 29305 ||| Stepping ~*~*~tactically~*~*~ (stealth).
 29306 | Snake:2  | 29306 ||| Stepping ~*~*~tactically~*~*~ (stealth).
 29630 | Snake:3  | 29630 ||| Stepping ~*~*~tactically~*~*~ (hiding).
 29741 | Snake:3  | 29741 ||| Stepping ~*~*~tactically~*~*~ (stealth).
 29743 | Snake:3  | 29743 ||| Stepping ~*~*~tactically~*~*~ (hiding).
 29757 | Snake:3  | 29757 ||| INVOKING Heroism.
 29909 | Snake:3  | 29909 ||| Stepping ~*~*~tactically~*~*~ (stealth).
 29923 | Snake:3  | 29923 ||| Stepping ~*~*~tactically~*~*~ (stealth).
 29936 | Snake:3  | Received a gift from Okawaru
 29944 | Snake:3  | 29944 ||| Stepping ~*~*~tactically~*~*~ (stealth).
 29945 | Snake:3  | 29945 ||| Stepping ~*~*~tactically~*~*~ (stealth).
 29947 | Snake:3  | 29947 ||| Stepping ~*~*~tactically~*~*~ (stealth).
 29948 | Snake:3  | 29948 ||| INVOKING Heroism.
 30073 | Snake:3  | Reached skill level 17 in Shields
 30251 | Snake:3  | 30251 ||| Stepping ~*~*~tactically~*~*~ (stealth).
 30535 | Snake:3  | 30535 ||| INVOKING Heroism.
 30549 | Snake:3  | Reached skill level 6 in Throwing
 30702 | Snake:3  | Found Feafozy's Antique Weapon Shop.
 30717 | Snake:3  | Identified the +2 war axe of the Bespelling Gods
                  | {antimagic, rElec Str+8 Dex-3 Stlth+} (Okawaru gifted it to
                  | you on level 3 of the Snake Pit)
 30717 | Snake:3  | Received a gift from Okawaru
 30851 | Snake:3  | 30851 ||| DROPPING +2 war axe of the Bespelling Gods
                  | {antimagic, rElec Str+8 Dex-3 Stlth+}.
 30867 | Snake:3  | 30867 ||| Stepping ~*~*~tactically~*~*~ (hiding).
 31158 | Snake:3  | 31158 ||| PLANNING SHOALS:1-3
 31238 | Shoals:1 | Entered Level 1 of the Shoals
 31239 | Shoals:1 | 31239 ||| INVOKING Heroism.
 31240 | Shoals:1 | 31240 ||| INVOKING Finesse.
 31410 | Shoals:1 | Reached skill level 18 in Axes
 31628 | Shoals:1 | Received a gift from Okawaru
 31722 | Shoals:1 | 31722 ||| INVOKING Heroism.
 32000 | Shoals:1 | 32000 ||| INVOKING Heroism.
 32009 | Shoals:1 | Reached XP level 18. HP: 98/114 MP: 8/25
 32048 | Shoals:1 | 32048 ||| DROPPING +4 morningstar of holy wrath.
 32125 | Shoals:1 | Found a runed translucent door.
 32125 | Shoals:1 | Noticed Woutahasch's ghost (journeyman HOFi)
 32244 | Shoals:1 | 32244 ||| Stepping ~*~*~tactically~*~*~ (hiding).
 32579 | Shoals:1 | 32579 ||| DROPPING scarf of harm.
 32597 | Shoals:2 | 32597 ||| INVOKING Heroism.
 32598 | Shoals:2 | 32598 ||| INVOKING Finesse.
 32598 | Shoals:2 | Noticed Ilsuiw
 32625 | Shoals:2 | Killed Ilsuiw
 32637 | Shoals:2 | Reached skill level 18 in Shields
 32740 | Shoals:2 | 32740 ||| INVOKING Heroism.
 32911 | Shoals:2 | 32911 ||| INVOKING Heroism.
 33031 | Shoals:2 | 33031 ||| INVOKING Heroism.
 33041 | Shoals:2 | HP: 23/116 [merfolk impaler/+0 trident (14)]
 33042 | Shoals:2 | 33042 ||| READING 3 scrolls of teleportation.
 33046 | Shoals:2 | 33046 ||| READING 2 scrolls of teleportation.
 33051 | Shoals:2 | 33051 ||| READING scroll of teleportation.
 33051 | Shoals:2 | HP: 10/116 [merfolk/+0 trident (11)]
 33052 | Shoals:2 | 33052 ||| READING scroll labelled HUPHYI QARR.
 34140 | Shoals:3 | Identified the amulet of Heomei {Drain rPois rF+ Regen+}
 34171 | Shoals:3 | Received a gift from Okawaru
 34261 | Shoals:3 | 34261 ||| INVOKING Heroism.
 34265 | Shoals:3 | Noticed Polyphemus
 34282 | Shoals:3 | Killed Polyphemus
 34407 | Shoals:3 | 34407 ||| Stepping ~*~*~tactically~*~*~ (stealth).
 34408 | Shoals:3 | 34408 ||| Stepping ~*~*~tactically~*~*~ (stealth).
 34410 | Shoals:3 | 34410 ||| Stepping ~*~*~tactically~*~*~ (stealth).
 34453 | Shoals:3 | 34453 ||| INVOKING Heroism.
 34554 | Shoals:3 | 34554 ||| INVOKING Heroism.
 34658 | Shoals:3 | Reached skill level 15 in Fighting
 34949 | Shoals:3 | Identified the +0 leather armour "Seafioc" {Str-2 Dex+4}
 35367 | Shoals:3 | 35367 ||| PLANNING SNAKE:4
 35380 | Shoals:3 | 35380 ||| PLANNING SHOALS:1-3
 35381 | Shoals:3 | 35381 ||| PLANNING SNAKE:4
 35393 | Shoals:3 | 35393 ||| PLANNING SHOALS:1-3
 35394 | Shoals:3 | 35394 ||| PLANNING SNAKE:4
 35422 | Shoals:3 | 35422 ||| PLANNING SHOALS:1-3
 35423 | Shoals:3 | 35423 ||| PLANNING SNAKE:4
 35451 | Shoals:3 | 35451 ||| PLANNING SHOALS:1-3
 35452 | Shoals:3 | 35452 ||| PLANNING SNAKE:4
 35664 | Snake:4  | Entered Level 4 of the Snake Pit
 35706 | Snake:4  | 35706 ||| Stepping ~*~*~tactically~*~*~ (stealth).
 35708 | Snake:4  | 35708 ||| Stepping ~*~*~tactically~*~*~ (hiding).
 35710 | Snake:4  | 35710 ||| Stepping ~*~*~tactically~*~*~ (hiding).
 35774 | Snake:4  | 35774 ||| Stepping ~*~*~tactically~*~*~ (hiding).
 35775 | Snake:4  | 35775 ||| Stepping ~*~*~tactically~*~*~ (hiding).
 35920 | Snake:4  | 35920 ||| INVOKING Heroism.
 35933 | Snake:4  | 35933 ||| Stepping ~*~*~tactically~*~*~ (hiding).
 35937 | Snake:4  | 35937 ||| Stepping ~*~*~tactically~*~*~ (hiding).
 36020 | Snake:4  | 36020 ||| Stepping ~*~*~tactically~*~*~ (hiding).
 36022 | Snake:4  | 36022 ||| Stepping ~*~*~tactically~*~*~ (hiding).
 36073 | Snake:4  | 36073 ||| INVOKING Heroism.
 36079 | Snake:4  | Received a gift from Okawaru
 36145 | Snake:4  | 36145 ||| INVOKING Heroism.
 36203 | Snake:4  | 36203 ||| Stepping ~*~*~tactically~*~*~ (stealth).
 36219 | Snake:4  | 36219 ||| Stepping ~*~*~tactically~*~*~ (hiding).
 36231 | Snake:4  | 36231 ||| INVOKING Heroism.
 36283 | Snake:4  | 36283 ||| Stepping ~*~*~tactically~*~*~ (hiding).
 36284 | Snake:4  | 36284 ||| Stepping ~*~*~tactically~*~*~ (hiding).
 36450 | Snake:4  | 36450 ||| Stepping ~*~*~tactically~*~*~ (stealth).
 36451 | Snake:4  | 36451 ||| Stepping ~*~*~tactically~*~*~ (hiding).
 36595 | Snake:4  | Reached skill level 15 in Armour
 36734 | Snake:4  | Noticed Aizul
 36735 | Snake:4  | 36735 ||| INVOKING Heroism.
 36736 | Snake:4  | 36736 ||| INVOKING Finesse.
 36743 | Snake:4  | Killed Aizul
 36764 | Snake:4  | Reached XP level 19. HP: 112/124 MP: 0/26
 36773 | Snake:4  | 36773 ||| Stepping ~*~*~tactically~*~*~ (hiding).
 36802 | Snake:4  | 36802 ||| Stepping ~*~*~tactically~*~*~ (stealth).
 36860 | Snake:4  | 36860 ||| INVOKING Heroism.
 36899 | Snake:4  | 36899 ||| Stepping ~*~*~tactically~*~*~ (stealth).
 36913 | Snake:4  | 36913 ||| Stepping ~*~*~tactically~*~*~ (stealth).
 37008 | Snake:4  | 37008 ||| INVOKING Heroism.
 37019 | Snake:4  | Received a gift from Okawaru
 37042 | Snake:4  | 37042 ||| INVOKING Heroism.
 37145 | Snake:4  | Got a serpentine rune of Zot
 37192 | Snake:4  | 37192 ||| INVOKING Heroism.
 37193 | Snake:4  | Noticed Vashnia
 37235 | Snake:4  | Killed Vashnia
 37236 | Snake:4  | Reached skill level 19 in Shields
 37364 | Snake:4  | Noticed Donald
 37365 | Snake:4  | 37365 ||| INVOKING Heroism.
 37366 | Snake:4  | 37366 ||| INVOKING Finesse.
 37369 | Snake:4  | Killed Donald
 37435 | Snake:4  | Noticed Mara
 37436 | Snake:4  | 37436 ||| Stepping ~*~*~tactically~*~*~ (hiding).
 37439 | Snake:4  | 37439 ||| INVOKING Heroism.
 37440 | Snake:4  | 37440 ||| INVOKING Finesse.
 37447 | Snake:4  | Killed Mara
 37447 | Snake:4  | Received a gift from Okawaru
 37711 | Snake:4  | 37711 ||| PLANNING VAULTS:1-4
 38048 | Vaults:1 | Entered Level 1 of the Vaults
 38049 | Vaults:1 | 38049 ||| PLANNING WIZLAB
 38179 | Vaults:1 | 38179 ||| INVOKING Heroism.
 38180 | Vaults:1 | 38180 ||| INVOKING Finesse.
 38254 | Vaults:1 | 38254 ||| INVOKING Heroism.
 38261 | Vaults:1 | 38261 ||| Stepping ~*~*~tactically~*~*~ (stealth).
 38271 | Vaults:1 | 38271 ||| Stepping ~*~*~tactically~*~*~ (stealth).
 38272 | Vaults:1 | 38272 ||| Stepping ~*~*~tactically~*~*~ (stealth).
 38318 | Vaults:1 | 38318 ||| Stepping ~*~*~tactically~*~*~ (hiding).
 38319 | Vaults:1 | 38319 ||| INVOKING Heroism.
 38320 | Vaults:1 | 38320 ||| Stepping ~*~*~tactically~*~*~ (hiding).
 38784 | Vaults:1 | 38784 ||| RIP WIZLAB
 38788 | Vaults:1 | 38788 ||| PLANNING VAULTS:1-4
 38931 | Vaults:1 | 38931 ||| Stepping ~*~*~tactically~*~*~ (hiding).
 38935 | Vaults:1 | 38935 ||| INVOKING Heroism.
 38936 | Vaults:1 | 38936 ||| INVOKING Finesse.
 39080 | Vaults:1 | 39080 ||| Stepping ~*~*~tactically~*~*~ (stealth).
 39096 | Vaults:1 | 39096 ||| INVOKING Heroism.
 39270 | Vaults:1 | 39270 ||| INVOKING Heroism.
 39338 | Vaults:1 | 39338 ||| INVOKING Heroism.
 39348 | Vaults:1 | 39348 ||| INVOKING Finesse.
 40119 | Vaults:2 | 40119 ||| INVOKING Heroism.
 40327 | Vaults:2 | 40327 ||| INVOKING Heroism.
 40409 | Vaults:2 | Received a gift from Okawaru
 40637 | Vaults:2 | Identified the +4 great sword of Qeoluimn {drain, rN++
                  | Str+3}
 40651 | Vaults:2 | Identified the staff "Sicof" {rElec rC+ Air}
 40801 | Vaults:2 | 40801 ||| INVOKING Heroism.
 40875 | Vaults:2 | 40875 ||| Stepping ~*~*~tactically~*~*~ (hiding).
 40876 | Vaults:2 | 40876 ||| Stepping ~*~*~tactically~*~*~ (hiding).
 40959 | Vaults:2 | 40959 ||| INVOKING Heroism.
 41089 | Vaults:2 | 41089 ||| Stepping ~*~*~tactically~*~*~ (stealth).
 41091 | Vaults:2 | 41091 ||| Stepping ~*~*~tactically~*~*~ (stealth).
 41124 | Vaults:2 | Identified the +1 plate armour of Inviolability {rElec
                  | Dex+5} (Okawaru gifted it to you on level 2 of the Vaults)
 41124 | Vaults:2 | Received a gift from Okawaru
 41125 | Vaults:2 | Reached XP level 20. HP: 132/134 MP: 13/27
 41213 | Vaults:2 | Found a staircase to the Crypt.
 41213 | Vaults:2 | Found an ancient bone altar of Kikubaaqudgha.
 41214 | Vaults:2 | Found a basalt altar of Yredelemnul.
 41342 | Vaults:2 | 41342 ||| INVOKING Finesse.
 41343 | Vaults:2 | 41343 ||| INVOKING Heroism.
 41370 | Vaults:2 | HP: 23/134 [ironbound frostheart/creeping frost (14)]
 41371 | Vaults:2 | 41371 ||| READING 4 scrolls of teleportation.
 41371 | Vaults:2 | HP: 8/134 [ironbound frostheart/creeping frost (13)]
 41467 | Vaults:2 | 41467 ||| INVOKING Heroism.
 41695 | Vaults:2 | 41695 ||| Stepping ~*~*~tactically~*~*~ (stealth).
 41705 | Vaults:2 | 41705 ||| Stepping ~*~*~tactically~*~*~ (stealth).
 41750 | Vaults:2 | 41750 ||| Stepping ~*~*~tactically~*~*~ (stealth).
 41754 | Vaults:2 | 41754 ||| Stepping ~*~*~tactically~*~*~ (stealth).
 41756 | Vaults:2 | 41756 ||| INVOKING Heroism.
 41757 | Vaults:2 | 41757 ||| INVOKING Finesse.
 41832 | Vaults:2 | 41832 ||| FLEEEEING.
 41833 | Vaults:2 | 41833 ||| FLEEEEING.
 41834 | Vaults:2 | 41834 ||| FLEEEEING.
 41835 | Vaults:2 | 41835 ||| FLEEEEING.
 41836 | Vaults:2 | 41836 ||| FLEEEEING.
 41837 | Vaults:2 | 41837 ||| FLEEEEING.
 41850 | Vaults:2 | 41850 ||| FLEEEEING.
 41853 | Vaults:2 | 41853 ||| Stepping ~*~*~tactically~*~*~ (hiding).
 42210 | Vaults:2 | 42210 ||| DROPPING +0 chain mail of fire resistance.
 42211 | Vaults:2 | 42211 ||| UPGRADING to +1 plate armour of Inviolability
                  | {rElec Dex+5}.
 42221 | Vaults:2 | 42221 ||| DROPPING +2 plate armour of poison resistance.
 42222 | Vaults:2 | 42222 ||| READING 22 scrolls of identify.
 42222 | Vaults:2 | 42222 ||| IDENTIFYING black potion
 42308 | Vaults:3 | 42308 ||| Stepping ~*~*~tactically~*~*~ (hiding).
 42372 | Vaults:3 | 42372 ||| Stepping ~*~*~tactically~*~*~ (hiding).
 42382 | Vaults:3 | 42382 ||| INVOKING Heroism.
 42397 | Vaults:3 | Reached skill level 6 in Dodging
 42769 | Vaults:3 | 42769 ||| INVOKING Heroism.
 42774 | Vaults:3 | Received a gift from Okawaru
 42776 | Vaults:3 | Reached skill level 18 in Fighting
 42967 | Vaults:3 | Received a gift from Okawaru
 43340 | Vaults:3 | Received a gift from Okawaru
 43652 | Vaults:3 | Reached skill level 20 in Shields
 43658 | Vaults:3 | Received a gift from Okawaru
 43658 | Vaults:3 | Found the +15 Maxwell's patent armour {-Cast -Tele rElec
                  | Will+ rCorr}
 44151 | Vaults:3 | 44151 ||| Stepping ~*~*~tactically~*~*~ (hiding).
 44152 | Vaults:3 | 44152 ||| Stepping ~*~*~tactically~*~*~ (hiding).
 44205 | Vaults:3 | 44205 ||| DROPPING scarf of harm.
 44302 | Vaults:4 | 44302 ||| Stepping ~*~*~tactically~*~*~ (stealth).
 44330 | Vaults:4 | 44330 ||| Stepping ~*~*~tactically~*~*~ (hiding).
 44331 | Vaults:4 | 44331 ||| Stepping ~*~*~tactically~*~*~ (hiding).
 44340 | Vaults:4 | 44340 ||| Stepping ~*~*~tactically~*~*~ (stealth).
 44348 | Vaults:4 | 44348 ||| Stepping ~*~*~tactically~*~*~ (stealth).
 44415 | Vaults:4 | 44415 ||| INVOKING Heroism.
 44604 | Vaults:4 | 44604 ||| Stepping ~*~*~tactically~*~*~ (stealth).
 44605 | Vaults:4 | 44605 ||| Stepping ~*~*~tactically~*~*~ (stealth).
 45015 | Vaults:4 | 45015 ||| Stepping ~*~*~tactically~*~*~ (stealth).
 45091 | Vaults:4 | 45091 ||| Stepping ~*~*~tactically~*~*~ (stealth).
 45434 | Vaults:4 | Reached XP level 21. HP: 141/141 MP: 21/28
 45635 | Vaults:4 | 45635 ||| Stepping ~*~*~tactically~*~*~ (hiding).
 45855 | Vaults:4 | Reached skill level 18 in Armour
 46013 | Vaults:4 | 46013 ||| PLANNING SHOALS:4
 46377 | Shoals:4 | Entered Level 4 of the Shoals
 46494 | Shoals:4 | 46494 ||| Stepping ~*~*~tactically~*~*~ (hiding).
 46525 | Shoals:4 | Received a gift from Okawaru
 46590 | Shoals:4 | 46590 ||| Stepping ~*~*~tactically~*~*~ (stealth).
 46600 | Shoals:4 | 46600 ||| Stepping ~*~*~tactically~*~*~ (stealth).
 46603 | Shoals:4 | 46603 ||| Stepping ~*~*~tactically~*~*~ (stealth).
 46605 | Shoals:4 | 46605 ||| INVOKING Heroism.
 46606 | Shoals:4 | 46606 ||| Stepping ~*~*~tactically~*~*~ (hiding).
 46609 | Shoals:4 | 46609 ||| INVOKING Finesse.
 46646 | Shoals:4 | 46646 ||| Stepping ~*~*~tactically~*~*~ (stealth).
 46720 | Shoals:4 | 46720 ||| READING scroll of enchant armour.
 46720 | Shoals:4 | 46720 ||| ENCHANTING +1 cloak.
 46742 | Shoals:4 | 46742 ||| Stepping ~*~*~tactically~*~*~ (hiding).
 46743 | Shoals:4 | 46743 ||| Stepping ~*~*~tactically~*~*~ (hiding).
 46801 | Shoals:4 | Received a gift from Okawaru
 46946 | Shoals:4 | 46946 ||| INVOKING Heroism.
 46947 | Shoals:4 | 46947 ||| INVOKING Finesse.
 46967 | Shoals:4 | 46967 ||| Stepping ~*~*~tactically~*~*~ (stealth).
 46968 | Shoals:4 | 46968 ||| Stepping ~*~*~tactically~*~*~ (stealth).
 46971 | Shoals:4 | 46971 ||| Stepping ~*~*~tactically~*~*~ (stealth).
 46972 | Shoals:4 | 46972 ||| Stepping ~*~*~tactically~*~*~ (stealth).
 46973 | Shoals:4 | 46973 ||| Stepping ~*~*~tactically~*~*~ (stealth).
 46974 | Shoals:4 | 46974 ||| Stepping ~*~*~tactically~*~*~ (stealth).
 46975 | Shoals:4 | 46975 ||| Stepping ~*~*~tactically~*~*~ (stealth).
 46981 | Shoals:4 | 46981 ||| Stepping ~*~*~tactically~*~*~ (stealth).
 46982 | Shoals:4 | 46982 ||| Stepping ~*~*~tactically~*~*~ (stealth).
 46984 | Shoals:4 | 46984 ||| Stepping ~*~*~tactically~*~*~ (stealth).
 47024 | Shoals:4 | 47024 ||| Stepping ~*~*~tactically~*~*~ (stealth).
 47027 | Shoals:4 | 47027 ||| Stepping ~*~*~tactically~*~*~ (stealth).
 47028 | Shoals:4 | 47028 ||| Stepping ~*~*~tactically~*~*~ (stealth).
 47031 | Shoals:4 | 47031 ||| Stepping ~*~*~tactically~*~*~ (stealth).
 47042 | Shoals:4 | 47042 ||| FLEEEEING.
 47044 | Shoals:4 | 47044 ||| FLEEEEING.
 47045 | Shoals:4 | 47045 ||| Stepping ~*~*~tactically~*~*~ (hiding).
 47046 | Shoals:4 | 47046 ||| FLEEEEING.
 47047 | Shoals:4 | 47047 ||| FLEEEEING.
 47065 | Shoals:4 | 47065 ||| FLEEEEING.
 47111 | Shoals:4 | 47111 ||| Stepping ~*~*~tactically~*~*~ (stealth).
 47120 | Shoals:4 | 47120 ||| Stepping ~*~*~tactically~*~*~ (stealth).
 47122 | Shoals:4 | 47122 ||| Stepping ~*~*~tactically~*~*~ (stealth).
 47137 | Shoals:4 | 47137 ||| Stepping ~*~*~tactically~*~*~ (stealth).
 47140 | Shoals:4 | 47140 ||| Stepping ~*~*~tactically~*~*~ (stealth).
 47341 | Shoals:4 | Reached skill level 9 in Throwing
 47386 | Shoals:4 | 47386 ||| Stepping ~*~*~tactically~*~*~ (hiding).
 47515 | Shoals:4 | 47515 ||| Stepping ~*~*~tactically~*~*~ (hiding).
 47516 | Shoals:4 | 47516 ||| Stepping ~*~*~tactically~*~*~ (hiding).
 47556 | Shoals:4 | 47556 ||| INVOKING Heroism.
 47557 | Shoals:4 | 47557 ||| INVOKING Finesse.
 47562 | Shoals:4 | Received a gift from Okawaru
 47675 | Shoals:4 | Identified the ring of the Freezing God {rPois Will- rCorr
                  | EV+5 Slay-5}
 47676 | Shoals:4 | 47676 ||| Stepping ~*~*~tactically~*~*~ (stealth).
 47726 | Shoals:4 | Got a barnacled rune of Zot
 48125 | Shoals:4 | 48125 ||| PLANNING DEPTHS
 48125 | Shoals:4 | 48125 ||| DROPPING +1 pair of boots.
 48126 | Shoals:4 | 48126 ||| DROPPING amulet of the acrobat.
 48127 | Shoals:4 | 48127 ||| DROPPING ring of ice.
 48512 | Depths:1 | Entered Level 1 of the Depths
 48513 | Depths:1 | 48513 ||| INVOKING Heroism.
 48513 | Depths:1 | Noticed the Enchantress
 48514 | Depths:1 | 48514 ||| INVOKING Finesse.
 48524 | Depths:1 | Received a gift from Okawaru
 48530 | Depths:1 | Killed the Enchantress
 48532 | Depths:1 | Received a gift from Okawaru
 48577 | Depths:1 | Received a gift from Okawaru
 48594 | Depths:1 | HP: 34/143 [deep troll (5)]
 48595 | Depths:1 | 48595 ||| READING 4 scrolls of teleportation.
 48595 | Depths:1 | HP: 12/143 [deep troll (6)]
 48597 | Depths:1 | HP: 1/143 [deep troll (11)]
 48598 | Depths:1 | Identified the +6 crystal plate armour of the Robin {Contam
                  | +Blink Dex+2} (Okawaru gifted it to you on level 1 of the
                  | Depths)
 48598 | Depths:1 | Received a gift from Okawaru
 48598 | Depths:1 | Slain by a reaper

Levels and vault maps discovered:
D:1:      reono_arrival_mine, layout_rooms, ebering_ecumenical_altar_rust,
          kennysheep_pointless_box, minivault_27
D:2:      cheibrodos_old_hovel, layout_rooms, serial_bayou_pond_a,
          roderic_nine_men_s_morris, uniq_terence
D:3:      layout_loops_ring, chequers_serial_rivers_marsh,
          hangedman_decor_opposing, uniq_ijyb
D:4:      layout_loops_ring, lemuel_doored_altar,
          minmay_temple_entry_mini_moons, dilly_guarded_unrand_morg
D:5:      layout_basic, serial_shops, shop, minmay_mini_ossuary
D:6:      layout_rooms, nicolae_overflow_squiral, serial_shops, shop,
          gammafunk_ghost_arena, uniq_sigmund, uniq_grinder
D:7:      layout_loops_ring, minitemple, gammafunk_ghost_wrathful_warriors,
          eino_small_chamber_without_monster, serial_bayou_pond_a,
          dk_noncrumbling_3, uniq_crazy_yiuf_cottage, uniq_prince_ribbit1,
          uniq_pikel
D:8:      layout_gridville, nicolae_dithmenos_through_a_glass_darkly,
          erik_lair_dragon, serial_rivers, chequers_serial_rivers_room_a,
          chequers_serial_rivers_micro_a, chequers_serial_rivers_room_a,
          chequers_serial_rivers_room_b, chequers_serial_rivers_micro_c,
          chequers_big_river
D:9:      layout_loops_ring
D:10:     layout_cave_pods, evilmike_ruin_ashenzari,
          minmay_fractal_squares_gapless_5
D:11:     layout_gridville, gauntlet_entry_generic, biasface_ghost_orc_armoury,
          uniq_nergalle
D:12:     layout_irregular_city, orc_0_dummy, serial_shops, shop,
          minmay_beelzebubs_servants, uniq_maurice
D:13:     layout_long_grid, uniq_jorgrun
D:14:     layout_rooms, david_vaults_1, serial_undead, serial_undead_a,
          serial_undead_f, serial_undead_d, serial_undead_f
D:15:     grunt_enter_depths_giant_problem, layout_basic,
          fedhas_altar_fruit_tree, uniq_azrael, uniq_louise
Temple:   compressed_dpeg_triangle_lava_temple
Lair:1:   layout_long_grid, enter_volcano_3, basic_altar, beast_lair_carwin_2,
          grunt_megastairs_4, serial_bayou_shore_b
Lair:2:   layout_gridlike, elwin_shoals_entry_rocks,
          guppyfry_snake_entry_garden, st_stairs_11,
          nicolae_quartered_pool_little, uniq_maggie
Lair:3:   layout_cave_pods, basic_altar, serial_forest,
          infiniplex_forest_straight_3, infiniplex_forest_lined_2,
          infiniplex_forest_straight_5, infiniplex_forest_straight_5,
          infiniplex_forest_lined_3_way
Lair:4:   layout_cellular_growth
Lair:5:   hangedman_lair_caniforms_friends, layout_regular_city,
          hangedman_lair_in_review, slime_entry_2
Shoals:1: layout_shoals, gammafunk_ghost_grave, nicolae_shoals_this_corrosion
Shoals:2: layout_shoals, uniq_ilsuiw
Shoals:3: layout_shoals, uniq_polyphemus
Shoals:4: shoals_end_grunt_ice, layout_shoals, shoals_ilsuiw_ice
Snake:1:  layout_rooms, uniq_kirke
Snake:2:  layout_onion_interference
Snake:3:  layout_basic, serial_shops, shop, special_room
Snake:4:  grunt_snake_rune_pools, layout_cave_town, uniq_vashnia, uniq_aizul,
          uniq_mara, uniq_donald
Orc:1:    nicolae_orc_accident_3, layout_caves
Orc:2:    st_orc_open, layout_caves, uniq_urug
Vaults:1: mu_enter_wizlab_1, nicolae_vaults_frosty_reception,
          nicolae_vaults_stairing_the_circle, nicolae_vaults_closet_pinwheel_4,
          nicolae_vaults_surprise_closet, nicolae_vaults_rhombus_7,
          layout_vaults_omnigrid
Vaults:2: minmay_crypt_entry_necro_gods, nicolae_vaults_hexular_roomagon,
          nicolae_vaults_closet_pinwheel_2, v_misc_28, vaults_mumra_hexcomb,
          v_misc_24, dpeg_vaults_pockets_of_resistance,
          nicolae_vaults_little_squares_2, nicolae_vaults_offset_grid_hallway_1,
          vaults_room_door_ring, nicolae_vaults_offset_grid_hallway_3,
          ontoclasm_vaults_ring_square, v_misc_32, v_misc_10,
          nicolae_vaults_double_plus_2, layout_vaults_maze_bifur
Vaults:3: nicolae_vaults_yaktaur_gun_rack, v_alt_pattern_2,
          nicolae_vaults_variable_pillar_hall, v_rooms_2, grunt_vaults_twisty,
          hangedman_vaults_impose, nicolae_vaults_more_shelving_1,
          nicolae_vaults_more_shelving_2, vaults_room_pools,
          nicolae_vaults_tetromino_L_2, layout_vaults_chaotic_city
Vaults:4: nicolae_vaults_closet_pinwheel_6, nicolae_vaults_circle_grid_a,
          nicolae_vaults_tangram_2, nicolae_vaults_loss_of_containment,
          nicolae_vaults_lightning_bolt,
          nicolae_vaults_variable_pillar_hall_cross, ontoclasm_vaults_pinch,
          vaults_room_pool, nicolae_vaults_diamond_2, vaults_room_grid,
          hangedman_vaults_snaps, layout_vaults_omnicross
Depths:1: layout_honeycomb, enter_ziggurat_d, minmay_misc_feat_chi,
          grunt_mini_vestibule, grunt_pan_entry_in_and_out,
          dpeg_stationary_puzzle, uniq_enchantress

Skill      XL: |  1  2  3  4  5  6  7  8  9 10 11 12 13 14 15 16 17 18 19 20 21 |
---------------+----------------------------------------------------------------+-----
Axes           | 2 3 4 5 6 8 9 10 11 12 14 15 17 18 | 18.0
Fighting       | 4 5 6 7 8 9 10 12 13 15 17 18 19 | 19.0
Dodging        | 1 2 3 4 7 8 |  8.0
Invocations    | 3 4 7 10 | 10.0
Throwing       | 2 6 7 10 | 10.0
Shields        | 7 9 10 11 12 13 15 17 18 19 20 | 20.0
Armour         | 6 8 9 10 11 12 13 15 16 17 18 | 18.0

Action                     |  1- 3 |  4- 6 |  7- 9 | 10-12 | 13-15 | 16-18 | 19-21 || total
---------------------------+-------+-------+-------+-------+-------+-------+-------++-------
  Melee: War axe           |    66 |   221 |   268 |   522 |   402 |       |       ||  1479
         Flail             |       |       |       |    10 |       |       |       ||    10
         Morningstar       |       |       |       |       |    31 |       |       ||    31
         Broad axe         |       |       |       |       |   383 |   897 |   925 ||  2205
  Throw: Boomerang         |       |    20 |    46 |   117 |    31 |    56 |   130 ||   400
         Javelin           |       |       |       |       |       |    65 |    17 ||    82
 Invoke: Heroism           |       |     1 |    14 |    30 |    27 |    36 |    27 ||   135
         Finesse           |       |       |       |       |     7 |     7 |    11 ||    25
    Use: Scroll            |     8 |     4 |     3 |     4 |    12 |     6 |     4 ||    41
         Potion            |       |     5 |       |     1 |       |     3 |       ||     9
 Armour: Scale mail        |    34 |       |       |       |       |       |       ||    34
         Chain mail        |     4 |   107 |   115 |    55 |       |       |       ||   281
         Plate armour      |       |       |       |   180 |   452 |   365 |   249 ||  1246
  Dodge: Dodged            |    38 |    62 |    74 |   143 |   192 |   190 |   173 ||   872
  Block: Buckler           |    16 |    96 |    93 |       |       |       |       ||   205
         Reflection        |       |     1 |       |       |       |       |       ||     1
         Kite shield       |       |       |    33 |   251 |   388 |    39 |       ||   711
         Tower shield      |       |       |       |       |       |   656 |   610 ||  1266

Table legend:
 A = Non-vault XP
 B = Vault XP
 C = Vault XP percentage of total XP
 D = Non-vault monster count
 E = Vault monster count
 F = Vault count percentage of total count
                 A         B        C        D         E       F
            +---------+---------+-------+---------+---------+-------
      Total |  354271 |  211033 |  37.3 |     933 |     408 |  30.4
            +---------+---------+-------+---------+---------+-------
        D:1 |      46 |      32 |  41.0 |      18 |       1 |   5.3
        D:2 |      75 |       2 |   2.6 |      25 |       1 |   3.8
        D:3 |      23 |      36 |  61.0 |      13 |       1 |   7.1
        D:4 |     251 |     116 |  31.6 |      17 |       7 |  29.2
        D:5 |     842 |      22 |   2.5 |      16 |       5 |  23.8
        D:6 |    1511 |     468 |  23.6 |      22 |       2 |   8.3
        D:7 |     539 |     906 |  62.7 |      11 |       2 |  15.4
        D:8 |    2360 |    1331 |  36.1 |      22 |       6 |  21.4
        D:9 |    1286 |       0 |   0.0 |      23 |       0 |   0.0
       D:10 |    3078 |     642 |  17.3 |      20 |       4 |  16.7
       D:11 |    3930 |     783 |  16.6 |      13 |       1 |   7.1
       D:12 |    8093 |    2293 |  22.1 |      24 |       6 |  20.0
       D:13 |    6285 |    1713 |  21.4 |      14 |       1 |   6.7
       D:14 |   17611 |    7604 |  30.2 |      37 |      19 |  33.9
       D:15 |   20833 |    4466 |  17.7 |      35 |       9 |  20.5
     Lair:1 |    5444 |    3295 |  37.7 |      21 |      10 |  32.3
     Lair:2 |    5715 |    1856 |  24.5 |      24 |       7 |  22.6
     Lair:3 |    5369 |       0 |   0.0 |      19 |       0 |   0.0
     Lair:4 |    5164 |       0 |   0.0 |      21 |       0 |   0.0
     Lair:5 |   20058 |   20832 |  50.9 |      53 |      77 |  59.2
   Shoals:1 |   20097 |       0 |   0.0 |      39 |       0 |   0.0
   Shoals:2 |   14868 |    4054 |  21.4 |      33 |       6 |  15.4
   Shoals:3 |   17688 |    3969 |  18.3 |      39 |       4 |   9.3
   Shoals:4 |   13425 |   20313 |  60.2 |      28 |      32 |  53.3
    Snake:1 |   12960 |    1848 |  12.5 |      27 |       3 |  10.0
    Snake:2 |    7850 |       0 |   0.0 |      17 |       0 |   0.0
    Snake:3 |   26368 |       0 |   0.0 |      51 |       0 |   0.0
    Snake:4 |   18253 |   37586 |  67.3 |      39 |      46 |  54.1
      Orc:1 |    3548 |     614 |  14.8 |      27 |       6 |  18.2
      Orc:2 |    5599 |   15638 |  73.6 |      48 |      38 |  44.2
   Vaults:1 |   18176 |    6773 |  27.1 |      26 |      14 |  35.0
   Vaults:2 |   17487 |   36692 |  67.7 |      21 |      43 |  67.2
   Vaults:3 |   28431 |   15439 |  35.2 |      37 |      25 |  40.3
   Vaults:4 |   28876 |    9156 |  24.1 |      38 |      17 |  30.9
   Depths:1 |   12132 |   12554 |  50.9 |      15 |      15 |  50.0
            +---------+---------+-------+---------+---------+-------
